Workbook
Name CLASE: #REF!

Sheet 1. COND. BÁSICAS TRDM
B3: INSTITUTO DISTRITAL DE DEPORTES Y RECREACIÓN DE CARTAGENA DE INDIAS D.T. Y C.
B4: ANEXO No. 1 - CONDICIONES OBLIGATORIAS (MÍNIMAS TÉCNICAS)
B7: 1. PÓLIZA DE SEGURO DE TODO RIESGO DAÑOS MATERIALES COMBINADOS
B8: 1.1. | C8: INFORMACIÓN GENERAL
B9: TOMADOR: | C9: =+B3 -> INSTITUTO DISTRITAL DE DEPORTES Y RECREACIÓN DE CARTAGENA DE INDIAS D.T. Y C. | F9: NIT. | G9: 8002327266
B10: ASEGURADO: | C10: =+C9 -> INSTITUTO DISTRITAL DE DEPORTES Y RECREACIÓN DE CARTAGENA DE INDIAS D.T. Y C. | F10: NIT. | G10: =+G9 -> 8002327266
B11: BENEFICIARIO: | C11: =+C10 -> INSTITUTO DISTRITAL DE DEPORTES Y RECREACIÓN DE CARTAGENA DE INDIAS D.T. Y C. | F11: NIT. | G11: =+G10 -> 8002327266
B12: 1.2. | C12: OBJETO DEL SEGURO
B13: Amparar todos los activos (bienes inmuebles y muebles) de propiedad del INSTITUTO DISTRITAL DE DEPORTES Y RECREACION DE CARTAGENA DE INDIAS D.T. Y C, o aquellos que se encuentren bajo su control, tenencia, responsabilidad o custodia, contra los daños o pérdidas materiales a consecuencia de cualquier riesgo, tanto por eventos internos o externos y en general los recibidos a cualquier título o por los que tenga algún interés asegurable, ubicados en el territorio nacional o por aquellos que por su naturaleza se deban trasladar a nivel mundial, dentro o fuera de las instalaciones del asegurado y/o en predios de terceros o a la intemperie y los utilizados en desarrollo del objeto social del INSTITUTO DISTRITAL DE DEPORTES Y RECREACION DE CARTAGENA DE INIDIAS D.T. Y C
B14: 1.3. | C14: BIENES ASEGURADOS
B15: Las aseguradoras aceptan que no obstante las siguientes definiciones generales de bienes asegurados, el alcance de éstas se amplía al objeto establecido en el Manual de Procedimientos Administrativos y Contables para el manejo y control de los bienes de la Entidad.
B16: Los bienes asegurados comprenden absolutamente toda propiedad de bienes materiales del INSTITUTO DISTRITAL DE DEPORTES Y RECREACION DE CARTAGENA DE INDIAS D.T. Y C, o de terceros que se estén bajo su cuidado, custodia, control o por los cuales sea legal o contractualmente responsable y en general los recibidos a cualquier título o por los que tenga o tenga interés asegurable, localizados dentro del territorio nacional dentro o fuera de las instalaciones del asegurado y/o en predios de terceros y utilizados en desarrollo del objeto social del INSTITUTO DISTRITAL DE DEPORTES Y RECREACION DE CARTAGENA DE INDIAS D.T. Y C,. consistentes principalmente pero no limitados a los siguientes bienes:
B17: EDIFICIOS: Corresponde a las edificaciones y obras civiles, sus estructuras, cimientos, construcciones fijas con todas sus adiciones y en general toda clase de construcciones propias y no propias, de edificios e inherentes a ellos, escenarios deportivos, de propiedad del INSTITUTO DISTRITAL DE DEPORTES Y RECREACIÓN DE CARTAGENA DE INDIAS D.T. Y C. o bajo su cuidado, tenencia y control , incluido anexos, escaleras externas, instalaciones eléctricas, de comunicación, sietmas de aire acondicionado, intercomunicación o sonido, incluidos anexos y estructuras sanitarias, alcantarillado para agua, (subterráneas o no), sistema de drenaje y aguas negras, tuberías, conductos, tuberías, conductos, desagües, tanques para almacenamiento, ductos, mallas, patios, aceras, instalaciones permanentes de protección contra incendio y demás instalaciones que se encuentren o no por debajo del nivel del suelo y/o subterráneas, vidrios internos y externos que conforman y hacen parte de las construcciones, rampas de acceso, tanques de almacenamiento, similares, que formen parte integrante, del edificio, o edificios asegurados, aunque no se hayan informado específicamente, entre otros ubicados en el territorio nacional y que estén bajo su responsabilidad, tenencia y/o control del INSTITUTO DISTRITAL DE DEPORTES Y RECREACIÓN DE CARTAGENA DE INDIAS D.T. Y C.
B18: MEJORAS LOCATIVAS: Todas aquellas mejoras a los inmuebles realizadas por la Entidad, aún en el caso de no ser propietaria del bien, que haya realizado inversiones para adecuarlas a sus necesidades, tales como tapetes, tapizados, enchapes, mejoras eléctricas, cielos rasos, etc.
B19: CONTENIDOS Y BIENES EN GENERAL: Corresponden a todo tipo de bienes como muebles y enseres en general propios de la actividad general de una entidad pública, incluidos equipos de oficina no eléctricos ni electrónicos, equipos de gimnasia, de juegos, incluyendo los de los parques y unidades recreativas entre otros, sistemas de oficina abierta, al igual que los documentos de cualquier tipo, que se encuentren localizados dentro de los predios asegurados o fuera de los mismos y que esten bajo su responsabilidad, tenencia y/o control del INSTITUTO DISTRITAL DE DEPORTES Y RECREACIÓN DE CARTAGENA DE INDIAS D.T. Y C.
B20: PLANTA, EQUIPOS Y MÁQUINAS: Corresponde a todo tipo de equipos y máquinas, extendida esta definión a aquellos que son de adhesión o para la operatividad de la infraestructura de las edificaciones al igual que cualquier tipo de herramientas, accesorios, ascensores, plantas eléctricas, calderas, generadores, ascensores, equipos del sistema hidráulico, motobombas (incluidas aquellas que son sumergibles) , aire acondicionado, extractores de olores, entre otros.
B21: EQUIPOS ELÉCTRICOS, ELECTRÓNICOS Y DE COMUNICACIÓN: Comprende todos aquellos equipos eléctricos, electrónicos, electromecánicos y los de comunicación (incluidas antenas) y todas aquellas por las que sea legalmente responsable extendida esta definición a salas de control, servidores, equipos de computo con todos sus accesorios periféricos scanner, ploters, servidores, impresoras software, equipos de telecomunicaciones, equipos celulares, equipos de comunicación portátil, tabletas, equipos móviles y/o portátiles, equipos científicos de laboratorio, electrodomésticos, entre otros y que esten bajo su tenencia y/o control del INSTITUTO DISTRITAL DE DEPORTES Y RECREACIÓN DE CARTAGENA DE INDIAS D.T. Y C. | H21: SI NO SE TIENEN EQUIPOS ELECTRÓNICOS ESPECIALIZADOS, SE DEBE ELIMINAR EL TEXTO EN LETRA ROJA
B22: BIENES O ACTIVOS DE ALMÁCEN E INVENTARIOS: Comprende todos los elementos de consumo, devolutivos nuevos, recuperables, inservibles, papelería, útiles de oficina, equipos en general, repuestos, lubricantes, aceites, gases, combustibles,muestras de oferentes y demás bienes contenidos en las diferentes dependencias del INSTITUTO DISTRITAL DE DEPORTES Y RECREACIÓN DE CARTAGENA DE INDIAS D.T. Y C. y en general todo elemento que los Asegurados determinen como existencias o elementos de almacén, aunque no se hayan determinado específicamente.
B23: 1.4. | C23: VALORES ASEGURADOS
B24: 1.4.1. Bienes Asegurables (Anexo No. 2) | F24: VALORES ASEGURADOS
B25: A.1 Edificios- Escenarios Deportivos | F25: 163255192933 | H25: ESTOS VALORES DEBEN COINCIDER CON EL ESTUDIO DE MERCADO
B26: A. Total Edificios | F26: =SUM(F25:G25) -> 163255192933
B27: B. Contenidos, Muebles y Enseres | F27: 1783578891
B28: C. Equipo Eléctricos, Electrónicos y de Comunicación (incluidos equipos móviles y portátiles, software y licencias) | F28: 3902811242
B29: D. Equipo y Maquinaría | F29: 6834974989
B30: E. Adecuación de construcciones a las normas de sismoresistencia. 5% sobre el ITEM A | F30: =F25*5% -> 8.1627596e+09
B31: F. Adecuación de suelos y terrenos. 5% sobre el ITEM A | G31: =F25*5% -> 8.1627596e+09
B32: G. Futuras inclusiones de bienes
B33: SUBTOTAL | F33: =SUM(F26:G32) -> 1.9210208e+11
B34: INDICE VARIABLE 5% (ITEMS A,B,C yD) | F34: =+(F26+F27+F28+F29)*5% -> 8.7888279e+09
B35: TOTAL VALOR ASEGURADO | F35: =SUM(F33:G34) -> 2.0089091e+11
B37: 1.4.1. Bienes con Sublímites
B38: BIENES Y/O RIESGO CON SUBLÍMITE A PRIMERA PÉRDIDA ABSOLUTA | F38: SUBLÍMITE
B39: Dinero y títulos valores dentro y fuera de caja fuerte. | F39: 20000000
B40: TOTAL SUBLIMITES | F40: =SUM(F39:F39) -> 20000000
B41: TOTAL VALOR ASEGURADO + SUBLÍMITES | F41: =+F40+F35 -> 2.0091091e+11
B43: NOTAS APLICABLES AL NUMERAL 1.4.1. BIENES CON SUBLÍMITES:
B44: 1 - Los Sublímites antes indicados corresponden al monto mínimo que deben contemplar las aseguradoras para la propuesta de cobertura de los bienes y/o riesgos.
B45: 2 - Teniendo en cuenta la imposibilidad de establecer valor asegurable para este tipo de bienes por sus características y/o su condición de flotantes, queda expresamente declarado y aceptado por la aseguradora que la misma admite que para estos no exigirá el reporte de valor asegurable y por lo tanto no aplica la condición de seguro insuficiente para los bienes con sublímites relacionados en el numeral 1.4.1.
B46: 1.4.2. | C46: BASE DE VALORACIÓN DE LOS BIENES ASEGURADOS
B47: EDIFICIOS: Valor de reconstrucción.
B48: CONTENIDOS, EQUIPOS ELECTRICOS, ELECTRÓNICOS Y DE COMUNICACIÓN (INCLUIDO LICENCIAS Y SOFTWARE): Valor de reposición o reemplazo.
B49: BIENES DEVOLUTIVOS Y/O INSERVIBLES O PARA DAR DE BAJA O REMATE Y/O GASTADOS: Valor fiscal y/o de uso o de remate.
B50: BIENES DE ARTE Y CULTURA: Valor Admitido.
B51: 1.4.3. | C51: BASE PARA LA DETERMINACIÓN Y APLICACIÓN DEL CONCEPTO SUBLÍMITE / VIGENCIA / AGREGADO ANUAL
B52: Para la totalidad de Coberturas y/o condiciones básicas sublímitadas, queda expresamente aceptado por parte de los proponentes que, en concordancia con la vigencia de la póliza que se adjudique, cada Sublímite operará así: | H52: DEFINIR SEGÚN VIGENCIA A CONTRATAR LA APLICACIÓN DE ESTA CONDICIÓN
B53: - Si la vigencia es inferior a doce (12) meses: (Sublímite indicado) Evento /Agregado vigencia.
B54: - Si la vigencia es mayor a doce (12) meses: Sublímite indicado Evento /Agregado Anual.
B55: En caso de discrepancia en alguna cobertura o cláusula básicas con relación al concepto de aplicación del sublímite / vigencia / agregado anual, frente a la vigencia ofertada, prevalece el establecido en este numeral con relación al plazo de la condición ofertada.
B56: 1.5. | C56: COBERTURAS BÁSICAS
B57: Todo Riesgo: Bajo esta póliza se otorga amparo en la modalidad de todo riesgo por las pérdidas y/o daños materiales que afecten los bienes asegurados activos o inactivos por cualquier riesgo o causas, incluidos, entre otros, pero no limitados a, incendio, rayo, explosión, anegación, daños por agua, rotura de maquinaria, equipo electrónico, hurto y hurto calificado, hurto de parte y elementos de las edificaciones, actos mal intencionados de terceros, asonada, motín, conmoción civil o popular, sabotaje y terrorismo, vientos fuertes, granizo y cualquier evento de la naturaleza, impacto de vehículos terrestres, caída de aeronaves y/o piezas o partes que se desprendan o caigan de ellas, humo, impericia, descuido, sabotaje, manejo inadecuado, acción directa de la energía eléctrica como resultado de cortos circuitos, arcos voltaicos, sobrevoltajes, cualquier equipo sumergible (incluidas bombas hidráulicas) y las relacionadas a continuación que aplican para rotura de maquinaria: defectos de fabricación, fundición y uso de materiales defectuosos, sobrecalentamiento, defectos de mano de obra, montaje incorrecto y/o defectuoso, rotura debido a fuerza centrífuga, cuerpos extraños que se introduzcan en la maquinaria asegurada, implosión, explosión química de gases impropiamente quemados en la cámara de combustión de calderas o máquinas de combustión interna, explosión física, y las demás que no se encuentren expresamente excluidas en las condiciones generales de la póliza. Se entienden incluidos los riesgos mencionados en el artículo 1105 del Código de Comercio, excepto Guerra Civil o Internacional.
B58: NOTA 1: | C58: LAS ASEGURADORAS DEBEN TENER EN CUENTA QUE NO SE ACEPTA PROPUESTA BAJO LA MODALIDAD DE RIESGOS NOMBRADOS, Y EL OFERENTE CON LA PRESENTACIÓN DEL FORMATO No.2 ACEPTA ESTA CONDICIÓN.
B59: NOTA 2: | C59: QUEDA EXPRESAMENTE ACEPTADO POR LA ASEGURADORA QUE LAS CONDICIONES, COBERTURAS Y CLAUSULAS BÁSICAS PARA LAS CUALES NO SE INDIQUE SUBLÍMITE, OPERARÁN AL 100% DEL VALOR ASEGURADO.
B60: NOTA 3: | C60: CADA SUBLÍMITE O GASTOS INDICADOS APLICA COMBINADO PARA TODOS LOS BIENES ASEGURADOS ESTAN CONTEMPLADOS DENTRO DEL VALOR ASEGURADO.
B61: TERREMOTO, TEMBLOR Y/O ERUPCIÓN VOLCÁNICA Y DEMÁS EVENTOS DE LA NATURALEZA, (100%). | E61: Bajo este amparo, la aseguradora se compromete a indemnizar al Asegurado hasta el límite del valor asegurado de este sublímite, los daños y/o pérdidas materiales que sufran los bienes asegurados causados por terremoto, temblor y/o erupción volcánica y demás eventos de la naturaleza, o por incendio originado por tales fenómenos.
B62: ACTOS MAL INTENCIONADOS DE TERCEROS ASONADA, MOTÍN, CONMOCIÓN CIVIL O POPULAR Y HUELGA (INCLUIDO TERRORISMO Y SABOTAJE). Sublímite básico obligatorio de $30.000.000.000 Evento/ Agregado anual combinado para las coberturas de daños materiales. | E62: La aseguradora se compromete a indemnizar al Asegurado hasta el límite del valor asegurado de este sublímite, los daños y/o pérdidas materiales que sufran los bienes asegurados causados por: Actos Mal Intencionados de Terceros y Terrorismo: Destrucción y daños materiales provenientes de actos terroristas, aún aquellos que sean cometidos por individuos pertenecientes a movimientos subversivo, incluida la explosión originada en tales fenómenos. Asonada, Motín, Conmoción Civil o Popular: Los daños y/o pérdidas materiales causados por personas intervinientes en desordenes, confusiones, alteraciones, y disturbios de carácter violento y tumultuario. Así como asonada según la definición del Código Penal. Huelga: Los daños y/o pérdidas materiales causados por huelguistas o por personas que tomen parte en conflictos colectivos de trabajo o suspensión de hecho de labores. Saqueo: Los daños y/o pérdidas materiales causados por eventos de saqueo (apropiación de bienes como consecuencia de de AMCCoPH y AMIT incluido T&S)
B63: COBERTURA POR ROTURA DE VIDRIOS Sublímite de $2.000.000.000 Evento/ Agregado Anual incluidos los eventos de Actos Mal Intencionados de Terceros Asonada, Motín, Conmoción Civil o Popular y Huelga (Incluido Terrorismo y sabotaje). SIN APLICACION DE DEDUCIBLE. | E63: La aseguradora se compromete a indemnizar al Asegurado hasta el límite del valor asegurado de este sublímite, la rotura que sufran los vidrios, domos, acrílicos u otros materiales que hagan sus veces, al igual que los cristales, espejos y unidades sanitarias instalados y que formen parte del predio asegurado, incluidos aquellos que sean parte decorativas de los mismos.
B64: HURTO Y HURTO CALIFICADO Sublímite de $200.000.000 Evento/ Agregado anual combinado para todos los bienes. | E64: La aseguradora se compromete a indemnizar al Asegurado hasta el límite del valor asegurado de este sublímite, las pérdidas y/o daños materiales de los bienes asegurados, ocasionados por cualquier evento de hurto y hurto calificado, inclusive aquellos que se deriven de: - Hurto Calificado o Hurto Simple según se define en el Código Penal. - Terremoto, temblor, erupción volcánica o cualquier otro fenómeno de la naturaleza. - Caída o destrucción total o parcial del predio asegurado. | H64: VERIFICAR SEGÚN LOS BIENES Y MISIONALIDAD EL SUBLÍMITE A ESTABLECER DE LA DESAPARCIÓN MISTERIOSA ($10.000.000 EJE,PLO) Y SI PRODUCTO DE LAS OBSERVACIONES Y SI LA ENTIDAD NO TIENEN EN SUS BIENES EL RIESGO DE LA DESAPARICIÓN MISTERIOSA, SE PUEDE ELIMINAR ESTÁ.
B65: GASTOS PARA LA ADECUACIÓN DE SUELOS Y TERRENOS (APLICA SI LA ENTIDAD TIENE EDIFICACIONES) Hasta el 5% del valor asegurable del bien inmueble afectado. | E65: La aseguradora se compromete a indemnizar al asegurado los gastos razonables para la adecuación de suelos y terrenos y hasta el límite del porcentaje acá establecido, las pérdidas que sufra la Entidad por daños materiales como consecuencia de Terremoto, temblor, erupción volcánica o cualquier otro evento de la naturaleza, que se originen en las siguientes situaciones: a) Alteración de las características del suelo sobre el cual se levante la edificación asegurada, de tal forma que las nuevas características de dicho suelo pongan en condiciones inhabitables dicha edificación. b) Imposibilidad del asegurado para reparar o reconstruir la edificación asegurada, en virtud de disposiciones legales o administrativas, adoptadas por autoridad competente como consecuencia de la ocurrencia de un evento asegurado, que afecte en forma grave y notoria las características del terreno. De igual forma queda expresamente aclarado y convenido que la responsabilidad de la aseguradora se establece respectivamente así: a) El valor de los costos y gastos en que necesaria y razonablemente deba incurrir el asegurado para la recuperación de la estabilidad y capacidad portante del suelo, de tal manera que se garantice la estabilidad de la edificación asegurada. Para los efectos de este amparo se entenderá por valor asegurado el valor comercial del lote de terreno asegurado de acuerdo con su superficie y ubicación. Para los efectos de este amparo, la aseguradora efectuará el pago de la indemnización a que se refiere el segundo ítem del presente amparo, una vez el asegurado haya efectuado a su costa, mediante escritura pública debidamente registrada, el traspaso de los derechos sobre el terreno asegurado a nombre de la aseguradora.
B66: CLÁUSULA DE ADECUACIÓN DE CONSTRUCCIONES A LAS NORMAS DE SISMO RESISTENCIA Sublímite del 5% del valor de la reparación o reconstrucción de la parte de la edificación afectada. | E66: Queda expresamente convenido y acordado que en caso de siniestro la aseguradora indemnizará los costos razonables de adecuación, del o de los inmuebles afectados a las normas de sismo resistencia vigentes al momento del siniestro, en exceso del monto total de la reparación o la reconstrucción de los daños o pérdidas que afecten los inmuebles o construcciones aseguradas, que se generen a consecuencia de cualquier evento amparado bajo la presente póliza. Los costos amparados bajo la presente cláusula comprenden, costos razonables de diseño y rediseño, honorarios profesionales de ingenieros, arquitectos, topógrafos, interventores, consultores, tecnólogos, técnicos o cualquier otro profesional, para efectuar trabajos de planos, especificaciones y/o cualquier otro trabajo y ejecución de obras relacionadas con la reparación y/o reconstrucción de las partes del inmueble afectado y dirigidas a la adecuación de las mismas a las normas de sismo resistencia.
B67: GASTOS ADICIONALES. Sublímite por la suma de $5.000.000.000 Evento/ agregado anual, incluido en el valor asegurado,sin aplicación de deducible y combinado para los siguientes gastos y coberturas. | E67: No obstante, lo que se diga en contrario en las condiciones generales de la póliza, la Compañía se obliga a indemnizar los gastos adicionales (que no tengan carácter de permanentes), debidamente comprobados en que necesaria y razonablemente incurra o deba incurrir el asegurado, como consecuencia directa del siniestro. Estos gastos deben ser previamente aprobados por la aseguradora y la Entidad se compromete para estos casos presentar previamente cotización de estos gastos (cuando se requiera), la aseguradora se reserva el derecho de poder cotizar con sus proveedores los servicios que demanden la aplicación de estos gastos.
B68: 1. Gastos razonables de horas extras, trabajo nocturno o en días festivos y flete expreso y aéreo. | E68: Bajo esta cobertura se amparan los gastos adicionales y extraordinarios por concepto de horas extras, trabajo nocturno o en días festivos, flete expreso y aéreo, que se incurran o deba incurrir con motivo de una pérdida o daño amparado.
B69: 2. Gastos razonables de viajes y estadía. | E69: Bajo esta cobertura se amparan los gastos (que incurra o deba incurrir) de viajes de y estadía de funcionarios, empleados y técnicos que intervienen en la planificación de la reconstrucción o adquisición de los bienes asegurados.
B70: 3. Remoción de Escombros y Gastos de Demolición. | E70: Mediante este amparo la compañía indemnizará, los gastos razonables (en que incurra o deba incurrir) demostrados por remoción de escombros, desmantelamiento, demolición o de apuntalamiento de los bienes asegurados, que hayan sido dañados o destruidos por la ocurrencia de cualquiera de los riesgos amparados, incluyendo los gastos de limpieza, recuperación de materiales y el traslado de los escombros a sitio autorizado, con ocasión de un siniestro.
B71: 4. Gastos para la Demostración del Siniestro. | E71: Bajo este amparo se cubren los gastos razonables en que incurra o deba incurrir el asegurado, para la demostración de la ocurrencia y cuantía del siniestro y serán indemnizados bajo esta póliza. La aseguradora indemnizará hasta el 100% de los gastos demostrados.
B72: 5. Gastos para la extinción del incendio. | E72: La Compañía se obliga a indemnizar el 100% de los gastos en que necesaria y razonablemente incurra o deba incurrir el asegurado así como los costos de los productos o sustancias utilizadas, o de los elementos o equipos destruidos total o parcialmente, como consecuencia de las actividades dirigidas a la extinción de cualquier siniestro amparado por la póliza o para evitar su propagación, de acuerdo con lo señalado en el artículo 1074 del Código de Comercio. Se precisa que bajo ninguna circunstancia se considerara como gastos de extinción de un incendio la colaboración personal prestada por el asegurado, ni la de sus empleados, obreros o sus contratistas para el apoyo a la gestión.
B73: 6. Gastos de Auditores, Revisores y Contadores. | E73: Bajo este amparo la Compañía indemnizará, los gastos razonables en que en que incurra o deba incurrir el asegurado, por pago de auditores, revisores y contadores que se requieran para analizar y certificar los datos extraídos de los libros de contabilidad y demás documentos del negocio del asegurado, al igual que cualesquiera otras informaciones que sean solicitadas por la compañía al asegurado, para la demostración de la ocurrencia y cuantía del siniestro, según lo establecido en esta póliza.
B74: 7. Pago de Honorarios Profesionales. | E74: Se otorga cobertura para amparar los honorarios (en que incurra o deba incurrir) razonables de arquitectos, interventores, ingenieros, técnicos, consultores u otros profesionales, que sean razonablemente necesarios, así como los gastos de viaje y estadía que se requieran para la planificación, reconstrucción o reparación de los bienes asegurados, a condición de que sea consecuencia de un siniestro cubierto por la póliza.
B75: 8. Gastos para la Preservación de bienes y Continuación de actividades. | E75: Se ampara bajo la presente cobertura, los gastos razonables en que incurra o deba incurrir el asegurado para realizar remplazos temporales y/o provisionales o reacondicionamientos y/o reparación de los bienes asegurados afectados por siniestro, así como la ejecución de obras o construcciones provisionales o transitorias, siempre y cuando estos gastos sean requeridos para la preservación y/o conservación de los bienes asegurados con el fin de establecer y continuar con igual eficiencia, como sea posible, las operaciones del giro normal de las actividades del asegurado que sean afectados directamente por un evento amparado.
B76: 9. Gastos para la obtención de licencias y permisos para reconstruir el inmueble asegurado | E76: Se ampara bajo la presente cobertura, los gastos razonables en que incurra o deba incurrir el asegurado por concepto de honorarios y materiales necesarios para obtener la licencias y permisos requeridos para reconstruir el inmueble.
... B90: ACTOS DE AUTORIDAD | E90: La póliza se extiende a cubrir los daños o pérdidas materiales de los bienes asegurados, causados directamente por la acción de la autoridad legalmente constituida, ejercida con el fin de disminuir o aminorar las consecuencias de cualquiera de los riesgos amparados. Se excluye el embargo y la confiscación de bienes.
B91: 1.6. | C91: CLÁUSULAS BÁSICAS
B92: REVOCACIÓN DE LA PÓLIZA, CLÁUSULAS O CONDICIONES. Con Termino de Noventa (90) días y para AMIT, AMCCOPH, Terrorismo y Sabotaje diez (10) días. | E92: La aseguradora podrá revocar la póliza, cláusulas o condiciones unilateralmente por la compañía, mediante noticia escrita enviada al asegurado, a su última dirección registrada, con no menos de noventa (90) días y para AMIT Y AMCCOPH diez (10) días, de antelación; contados a partir de la fecha del envío. El asegurado podrá pedir la revocación en cualquier momento, según lo previsto en el Código de Comercio. Así mismo, en el caso de que la aseguradora decida no otorgar renovación o prorroga del contrato de seguro, excepto para AMIT, AMCCOPH, Terrorismo y Sabotaje, deberá dar aviso de ello al asegurado con no menos de noventa (90) días de antelación a la fecha de vencimiento de la póliza, en caso contrario se dará por entendido que la aseguradora acepta la renovación o prorroga hasta el límite legal establecido en la Ley 80 de 1993, para la adición de los contratos y manteniendo las mismas condiciones ofertadas en este proceso de aseguradoras.
B93: AMPLIACIÓN DEL AVISO DE SINIESTRO. Término de noventa (90) días Y para AMIT, AMCCOPH, Terrorismo y Sabotaje diez (10) días. | E93: La póliza extiende el término de aviso de la ocurrencia del siniestro, por parte del asegurado a un término de noventa (90) días y para AMIT Y AMCCOPH diez (10) días siguientes a la fecha en que lo haya conocido o debido conocer.
B94: COBERTURA AUTOMÁTICA PARA NUEVAS PROPIEDADES Y BIENES. Sublímite de $2.000.000.000 Evento/ Agregado anual y aviso de ciento veinte 120) días. | E94: Mediante la presente cláusula, la aseguradora se obliga a otorgar cobertura automática para los bienes que adquiera, construya, estén en montajes, instale, remodele o adecúe, a cualquier título, sean nuevos o usados, sobre los cuales éste tuviere interés asegurable o queden bajo su responsabilidad, cuidado o control del asegurado, bajo las mismas condiciones ofrecidas en el presente proceso y a partir del momento en que el asegurado asuma la responsabilidad por los mismos. La aplicación de esta condición queda sujeta a que el asegurado se obliga a dar aviso a la aseguradora dentro del término señalado a la adquisición o recibo de los mismos. Esta condición dará derecho a la compañía al cobro de la prima proporcional, calculada a prorrata, con las tasas adjudicadas y correspondiente al periodo de amparo, incluido el término automático otorgado para esta condición. Así mismo queda acordado y convenido, que si el valor supera el sublímite de la presente cláusula, la cobertura aplicará hasta dicho monto y la cobertura del valor adicional operará a partir de la fecha de reporte y solicitud formulada por la entidad asegurada. En el caso de bienes en construcción, montaje y remodelación se excluye ALOP, RCE, Mantenimiento, Pruebas, Errores de diseño y Riesgo Petroquímico.
B95: AMPARO AUTOMÁTICO POR CAMBIO DE UBICACIÓN DEL RIESGO. Aviso a la aseguradora 90 días. | E95: Mediante la presente condición, queda expresamente acordado que la cobertura del seguro se extiende a cubrir los bienes asegurados, que cambien de dirección o nomenclatura, ubicación o sean trasladados a otro(s) sitio(s), siempre y cuando ello se genere por las necesidades de la operación y/o servicio de la entidad asegurada o tomadora.
B96: EXPERTICIO TÉCNICO | E96: Queda convenido, entendido y aceptado que en el evento de existir una discrepancia entre la compañía y el asegurado en cuanto a si el siniestro constituye una pérdida total o parcial, o con relación a otros aspectos de orden técnico, la cuestión será sometida a decisión de la decisión de ingenieros, técnicos o peritos expertos en la actividad que desarrolla el asegurado (peritos o a expertos en la materia de siniestros), según los intereses afectados por el siniestro, siguiendo el procedimiento que para tal regulación previo los artículos 2026 y siguientes del código del comercio.
B97: CONOCIMIENTO DEL RIESGO | E97: La Compañía acepta mediante la presente cláusula que la Entidad, le ha brindado la oportunidad para realizar la inspección de los bienes y riesgos a que están sujetos los mismos y el patrimonio del Asegurado, razón por la cual se deja constancia del conocimiento y aceptación de los hechos, circunstancias y, en general, condiciones de los mismos. La compañía se reserva el derecho de llevar a cabo la inspección cuantas veces lo juzgue pertinente.
B98: NOMBRAMIENTO Y DESIGNACIÓN DE AJUSTADORES | E98: El nombramiento de ajustadores deberá efectuarse de común acuerdo entre la aseguradora y el asegurado, para lo cual la aseguradora presentará para cada reclamo una relación de cinco (5) firmas ajustadoras. No obstante la anterior condición, el asegurador con su propuesta se obliga a presentar la lista de todos sus ajustadores y la Entidad se reserva el derecho de nombrar al ajustador que considere más adecuado o solicitar el cambio de los mismos en caso de que no fueren de su entera satisfacción, sin que para ello se requiera motivación alguna.
B99: EXTENSIÓN DE COBERTURA PARA DAÑOS Y/O PÉRDIDAS CONSECUENCIALES | E99: La aseguradora acepta y conviene que la presente póliza se extiende a amparar los daños y/o pérdidas consecuenciales que afecten los bienes asegurados que sean derivadas de cualquier tipo de riesgo, bajo los mismos términos del seguro; siempre y cuando las mismas sean causadas por alguno de los riesgos amparados con la presente póliza, incluyendo las pérdidas y/o daños en medios de operación, como combustibles, lubricantes, refrigerantes o agentes químicos, entre otros. NOTA: No se cubren las pérdidas consecuenciales de cualquier tipo, tales como lucro cesante, incremento en costos de operación, pérdida de ingresos y pérdida de utilidades o pérdida de beneficios, pérdida de mercado.
B100: NO APLICACIÓN DE DÉMERITO POR USO O MEJORÁ TECNOLÓGICA PARA DAÑOS O PÉRDIDAS DE EQUIPOS ELÉCTRICOS, ELECTRÓNICOS Y/O DE ROTURA DE MAQUINARÍA. PARA BIENES CON EDAD DE HASTA CINCO (5) AÑOS. | E100: La aseguradora acepta no aplicará demérito por uso y/o mejora tecnológica, o cualquier otro concepto, en la liquidación de la indemnizaciones de los siniestros que afecten las coberturas de equipos eléctricos, electrónicos y/o rotura de maquinaria; según el término de años de edad ofrecido por la aseguradora y con base en la siguiente tabla de demérito a aplicar:
B101: - TABLA DE DEMÉRITO A APLICAR | E101: EDAD DEL EQUIPO | F101: PORCENTAJE | G101: ACUMULADO
E102: Superior a 0 años y hasta 5 años | F102: 0 | G102: 0
E103: Superior a 5 años y hasta 8 años | F103: 2 | G103: 6
E104: Superior a 8 años y hasta 10 años | F104: 5 | G104: 16
E105: Superior a 10 años | F105: 8 | G105: 24
E106: Aplicación de máximo el 24% en conjunto, por concepto de demérito por uso y/o mejora tecnológica para riesgos de Equipo Eléctricos, Electrónicos y/o Rotura de Maquinaría.
B107: NO APLICACIÓN DE DÉMERITO POR USO O MEJORÁ TECNOLÓGICA PARA DAÑOS O PÉRDIDAS DIFERENTES A LAS DE EQUIPOS ELÉCTRICOS, ELECTRÓNICOS Y/O ROTURA DE MAQUINARÍA. | E107: La aseguradora acepta mediante la presente póliza la no aplicación por demérito, uso, vetustez, obsolescencia tecnológica o, en fin, cualquier otro concepto para los riesgos de Sustracción, Incendio y anexos (se exceptúa los bienes correspondientes a equipos eléctricos y electrónicos). Para las coberturas de equipos eléctricos, electrónicos y rotura de maquinaría aplicará en la liquidación de las indemnizaciones las siguientes condiciones:
B108: - RECONSTRUCCIÓN, REPOSICIÓN, REPARACIÓN O REEMPLAZO. | E108: Bajo esta cláusula la Compañía pagará la indemnización por el valor de la reposición o reemplazo del bien o bienes asegurados, cuando el conjunto o la totalidad de ellos queden destruidos o de tal modo averiados que pierdan la aptitud para el fin a que están destinados o cuando no obstante no perder esa aptitud, su reparación aunque se facilite, implique perjuicios en la calidad o eficiencia en la producción u operación y de conformidad con lo siguiente y en concordancia con la tabla de demérito a aplicar:
E109: a) Se entiende por valor de reposición del bien o los bienes, el valor a nuevo del mismo o de los mismos, sin deducción alguna por depreciación, demérito, uso, vetustez, o en fin, por cualquier otro concepto.
E110: b) Si con ocasión del siniestro, la reposición o reparación del bien, conjunto o totalidad de los bienes, o de un grupo de estos o de cualquiera de ellos, el asegurado hiciera cualquier cambio o reforma en sus instalaciones, o reemplazare el o los bienes siniestrados por otro u otros de diferente naturaleza, o de mayor capacidad, serán de su cuenta los mayores costos que dichos cambios ocasionen. Se indemnizará a valor de reposición cuando el conjunto o la totalidad ellos queden destruidos o de tal modo averiados que pierdan la aptitud para el fin para el que están destinados o cuando, no obstante, no perder esa aptitud, su reparación, aunque se facilite, implique perjuicios en la calidad o eficiencia en la producción u operación.
E111: c) La Aseguradora también se obliga a indemnizar el siniestro total o parcial con base en el valor de la reconstrucción, reposición, reparación o reemplazo, si se hace conveniente o necesaria la reconstrucción en un sitio distinto al del sitio afectado por el siniestro, sin que la indemnización exceda de la suma que hubiere debido indemnizar en casos normales.
E112: d) Sin importar que la indemnización se haga bajo cualesquiera de las modalidades antes previstas, la compañía no estará obligada a responder sino hasta la concurrencia del valor asegurado, ajustado según lo estipulado en las condiciones de la póliza. Se precisa que la aseguradora en estos caso solo es el medio de pago.
E113: e) En el evento que la Entidad requiera la reposición de algún bien mueble y/o equipo o elemento, la aseguradora realizará el proceso de compra y adquisición de los equipos o bienes, en este sentido, la Entidad entregará las especificaciones técnicas de los equipos a reponer, esto con el fin que se realice la reposición por un bien de las mismas o similares características de los bienes afectados y se realice el proceso adquisición y entrega de los mismos a la Entidad. Dado lo anterior, el pago de la indemnización se realizará con base en las cotizaciones presentadas por la Entidad y/o de los proveedores que designe el asegurado.
E114: f) Queda expresamente convenido y acordado que, en caso de siniestro de bienes cotizados bajo cualquier denominación de moneda extranjera, la aseguradora liquidará el bien con la Tasa Representativa del Mercado (TRM) del día del siniestro. En caso que para efectos de la indemnización se tenga una variación significativa de la TRM, la aseguradora se compromete a ajustar la liquidación con la TRM de la fecha del día del pago.
B115: DESIGNACIÓN O DENOMINACIÓN DE BIENES | E115: La aseguradora acepta el título, nombre, designación, denominación o nomenclatura con que el asegurado identifica o describe los bienes asegurados en sus registros o libros de comercio o contabilidad.
B116: MODIFICACIONES A FAVOR DEL ASEGURADO | E116: Los cambios o modificaciones a las condiciones de la presente póliza, serán acordados mutuamente entre la compañía y el asegurado. El certificado, documento o comunicaciones que se expidan para formalizarlos debe ser firmado, en señal de aceptación, por un representante legal del asegurado o funcionario autorizado, prevaleciendo sobre las condiciones de esta póliza. No obstante, si durante la vigencia de la póliza se presentan modificaciones en las condiciones del seguro, legalmente aprobadas que representen un beneficio a favor del asegurado, tales modificaciones se consideran automáticamente incorporadas. Siempre y cuando no causen cobro de prima adicional.
B117: ERRORES, OMISIONES O INEXACTITUDES | E117: El tomador está obligado a declarar sinceramente los hechos y circunstancias que determinen el estado del riesgo. La inexactitud sobre hechos o circunstancias que, conocidas por la compañía, la hubieren retraído de celebrar el contrato o inducido a estipular condiciones más onerosas, produce la nulidad relativa del seguro. Sin embargo, si se incurriere en errores, omisiones e inexactitudes inculpables al tomador o al asegurado, el contrato no será nulo ni habrá lugar a la aplicación del inciso tercero del artículo 1058 del Código de Comercio sobre reducción porcentual de la prestación asegurada. En este caso se deberá pagar la prima adecuada al verdadero estado del riesgo.
B118: ERRORES Y/U OMISIONES EN LA PRESENTACIÓN DE LA INFORMACIÓN DE LOS BIENES ASEGURADOS | E118: En caso que en estas condiciones técnicas, anexos o en la póliza que se expida, se encuentre información imprecisa sobre la identificación de los bienes asegurados, siempre y cuando se pueda evidenciar que se tenía intención de asegurar o se pagó la prima correspondiente, la aseguradora indemnizará el valor de la pérdida o daño.
B119: LABORES Y MATERIALES | E119: Queda aceptado y convenido, que la Compañía autoriza al asegurado para efectuar las modificaciones dentro del riesgo, que juzgue necesarias para el funcionamiento de la industria o negocio. Cuando tales modificaciones varíen sustancial, objetiva y materialmente los riesgos conocidos y aceptados por la compañía, el asegurado estará obligado a avisar de ellas por escrito a la compañía dentro del término de días comunes, que para esta condición ofrezca la aseguradora, contados a partir de la finalización de estas modificaciones, sí éstos constituyen agravación de los riesgos.
...

Sheet 2. COND. BÁSICAS MANEJO
B3: =+'1. COND. BÁSICAS TRDM'!B3:G3 -> INSTITUTO DISTRITAL DE DEPORTES Y RECREACIÓN DE CARTAGENA DE INDIAS D.T. Y C.
B4: ANEXO No. 1 - CONDICIONES OBLIGATORIAS (MÍNIMAS TÉCNICAS)
B7: 2. PÓLIZA DE SEGURO GLOBAL DE MANEJO PARA ENTIDADES OFICIALES
B8: 2.1. | C8: INFORMACIÓN GENERAL
B9: TOMADOR: | C9: =+'1. COND. BÁSICAS TRDM'!$C$9:$E$9 -> INSTITUTO DISTRITAL DE DEPORTES Y RECREACIÓN DE CARTAGENA DE INDIAS D.T. Y C. | F9: NIT. | G9: =+'1. COND. BÁSICAS TRDM'!G9 -> 8002327266
B10: ASEGURADO: | C10: =+C9 -> INSTITUTO DISTRITAL DE DEPORTES Y RECREACIÓN DE CARTAGENA DE INDIAS D.T. Y C. | F10: NIT. | G10: =+G9 -> 8002327266
B11: BENEFICIARIO: | C11: =+C10 -> INSTITUTO DISTRITAL DE DEPORTES Y RECREACIÓN DE CARTAGENA DE INDIAS D.T. Y C. | F11: NIT. | G11: =+G10 -> 8002327266
B12: 2.2. | C12: OBJETO DEL SEGURO
B13: Amparar los riesgos que impliquen menoscabo de los fondos y/o bienes de propiedad del INSTITUTO DE DEPORTES Y RECREACIÓN DE CARTAGENA DE INDIAS D.T. Y C. o que estén bajo su tenencia, control y/o responsabilidad causados por acciones u omisiones de sus servidores, que incurran en delitos contra la administración pública o fallos con responsabilidad fiscal, por incumplimiento de las disposiciones legales y reglamentarias, incluyendo el costo de la rendición de cuentas en caso de abandono del cargo o fallecimiento del empleado, en concordancia con la Resolución 014249 del 15 de mayo de 1992, aprobada por la Contraloría General de la República.
B14: 2.3. | C14: LÍMITE ASEGURADO EVENTO /VIGENCIA
B15: Oferta Básica: | F15: 120000000
B16: 2.3.1. | C16: MODALIDAD DE COBERTURA:
B17: Los amparos otorgados, en la presente póliza, operan bajo la modalidad de delimitación temporal de cobertura, denominada OCURRENCIA, es decir que se cubrirán las pérdidas que sufra o que se causen al asegurado durante la vigencia de la póliza.
B18: 2.3.2. | C18: BASE PARA LA DETERMINACIÓN Y APLICACIÓN DEL CONCEPTO SUBLÍMITE / VIGENCIA / AGREGADO ANUAL
B19: Para la totalidad de Coberturas y/o condiciones básicas sublímitadas, queda expresamente aceptado por parte de los proponentes que, en concordancia con la vigencia de la póliza que se adjudique, cada Sublímite operará así: | H19: DEFINIR SEGÚN VIGENCIA A CONTRATAR LA APLICACIÓN DE ESTA CONDICIÓN
B20: - Si la vigencia es inferior a doce (12) meses: (Sublímite indicado) Evento /Agregado vigencia.
B21: - Si la vigencia es mayor a doce (12) meses: Sublímite indicado Evento /Agregado Anual.
B22: En caso de discrepancia en alguna cobertura o cláusula básicas con relación al concepto de aplicación del sublímite / vigencia / agregado anual, frente a la vigencia ofertada, prevalece el establecido en este numeral con relación al plazo de la condición ofertada.
B23: 2.4. | C23: CARGOS ASEGURADOS
C24: Directivo | D24: 3
C25: Asesor | D25: 3
C26: Profesional | D26: 10 | E26: MONTO ANUAL PROYECTADO DE LA NÓMINA: | G26: 2237645328
C27: Técnico | D27: 2
C28: Asistencial | D28: 7
E29: CONTRATISTAS: XXX
B30: TOTAL CARGOS ASEGURADOS: | D30: =SUM(D24:D29) -> 25
B31: NOTA: | C31: CADA SUBLÍMITE O GASTOS INDICADOS ESTAN CONTEMPLADOS DENTRO DEL LÍMITE ASEGURADO.
B32: 2.5. | C32: COBERTURAS BÁSICAS
B33: DELITOS CONTRA LA ADMINISTRACIÓN PÚBLICA | E33: La aseguradora indemnizará la pérdida económica que sufra la Entidad a consecuencia de actos que se tipifiquen como delitos contra la administración, cometidos por empleado(s) en desempeño de(los) cargo(s) señalados en el numeral 2.4.
B34: GASTOS DE RECONSTRUCCIÓN O RENDICIÓN DE CUENTAS | E34: La aseguradora mediante este amparo cubre los gastos que la Entidad tenga que incurrir en caso de abandono del cargo o fallecimiento del empleado, para llevar a cabo los procesos de rendición y reconstrucción de cuentas.
B35: DELITOS CONTRA EL PATRIMONIO ECÓNOMICO | E35: La aseguradora mediante este amparo indemnizará la pérdida económica que sufra la Entidad, por aquellas conductas penalmente sancionables, cometidas por los empleados de la Entidad, que no dan cuenta de un buen manejo de los recursos estatales y que causan detrimento al patrimonio del estado.
B36: JUICIOS CON RESPONSABILIDAD FISCAL Y ALCANCES FISCALES | E36: La aseguradora mediante este amparo cubre los procesos de responsabilidad fiscal con ocasión de la ejecución de actos que den lugar a iniciación de juicios de esta naturaleza, al igual que los alcances fiscales.
B37: PÉRDIDA DE EMPLEADOS NO IDENTIFICADOS AL 100% DEL LÍMITE ASEGURADO | E37: En caso de ocurrencia de cualquier pérdida, pero que la Entidad no pudiera determinar específicamente al empleado o los empleados responsables, la aseguradora reconocerá la indemnización correspondiente, siempre y cuando las circunstancias que dieron lugar al evento, permitan considerar que en la ocurrencia del mismo intervinieron uno o varios empleados de la Entidad, a cualquier titulo (autor intelectual, material o cómplice). Queda entendido que la responsabilidad de la compañía, respecto de tales pérdidas, no excederá en ningún caso del monto asegurado estipulado en la póliza. | H37: INDEPENDIENTEMENTE QUE SE TRAIGA CONTRATADO UN % INFERIOR. OBLIGATORIAMENTE ESTAS CLÁUSULAS DEBEN ESTAR AL 100%
B38: PROTECCIÓN DE DEPÓSITOS BANCARIOS AL 100% DEL LÍMITE ASEGURADO | E38: Cubre las pérdidas de dinero que el asegurado tenga depositado en sus cuentas corrientes o de ahorro en entidades bancarias o financieras (incluidos sus respectivos intereses), que se deba a falsificación o adulteración de un cheque, letra de cambio, pagaré, carta de crédito o cualquier otra clase de título valor que el banco o entidad financiera presuma que ha sido firmado, endosado o avalado por el asegurado o por una persona que obre en su nombre o representación y que el banco o entidad financiera compruebe que no es responsable por dicho pago, incluyendo: a) Cualquier cheque o giro hecho o girado en nombre de la Entidad pagadero a una persona ficticia y endosado o pagado a nombre de dicha persona. b) Cualquier cheque o giro hecho o girado en transacción de la Entidad o por su representante a favor de un tercero y entregado al representante de éste que resultare endosado o cobrado por persona distinta de aquel a quien se giró. c) Cualquier cheque o giro con destino al pago de salarios que habiendo sido girado u ordenado por la Entidad, resultare endosado y cobrado por un tercero obrando supuestamente a nombre del girador, o de aquel a quien se debía hacer el pago. Esta cobertura aplica cuando se demuestra la participación de uno o más empleados del asegurado y que la entidad bancaria demuestre que no tiene ninguna responsabilidad.
B39: EXTENSIÓN DE COBERTURA PARA EMPLEADOS OCASIONALES, TEMPORALES Y TRANSITORIOS AL 100% DEL LÍMITE ASEGURADO | E39: Bajo esta condición la cobertura de la presente póliza se extiende a amparar a los trabajadores ocasionales, temporales o transitorios y a quienes, sin serlo, realicen prácticas o investigaciones en sus dependencias. Esta cobertura queda sujeta a que las operaciones que realicen tales personas estén bajo el control de la Entidad.
B40: EXTENSIÓN DE COBERTURA PARA EMPLEADOS DE FIRMAS ESPECIALIZADAS Y OTROS AL 100% DEL LÍMITE ASEGURADO | E40: Bajo esta condición la cobertura de la presente póliza se extiende a amparar a todas aquellas personas naturales que presten servicios en los establecimientos del asegurado bajo cualquier título o contrato, incluidos los empleados de firmas especializadas, los empleados de contratistas independientes, los cuales deben cumplir con las normas que los regulan y con las garantías exigidas por la ley 80 de 1993. Esta cobertura queda sujeta a que las operaciones que realicen tales personas estén bajo el control de la Entidad.
B41: EXTENSIÓN DE COBERTURA PARA PÉRDIDAS OCASIONADAS POR EMPLEADOS DE CONTRATISTAS Y SUBCONTRASTISTAS INDEPENDIENTES AL 100% DEL LÍMITE ASEGURADO | E41: Bajo esta condición la cobertura de la presente póliza se extiende a amparar a todas aquellas personas naturales que presten servicios en los establecimientos del asegurado bajo cualquier título o contrato, incluidos los empleados de contratistas y subcontratistas independientes, los cuales deben cumplir con las normas que los regulan y con las garantías exigidas por la ley 80 de 1993.
B42: GASTOS POR PAGOS DE AUDITORES, REVISORES, CONTADORES Y ABOGADOS SUBLIMITE:$65.000.000 EVENTO / AGREGADO VIGENCIA | E42: La cobertura de esta póliza debe extenderse a amparar los gastos en que incurra el asegurado, por pago a auditores, revisores, contadores y abogados, que se requieran para analizar y certificar los datos extraídos de los libros de contabilidad y demás documentos del asegurado, al igual que cualquier otra información que sea solicitada por la compañía al asegurado para el ajuste y definición de los reclamos.
B43: GASTOS PARA LA DEMOSTRACIÓN DEL SINIESTRO | E43: Bajo este amparo se cubren los gastos razonables en que incurra el asegurado, para la demostración de la ocurrencia y cuantía del siniestro y serán indemnizados bajo esta póliza. Estos gastos deben ser previamente aprobados por la aseguradora y la Entidad se compromete para estos casos presentar previamente cotización de estos gastos (cuando se requiera), la aseguradora se reserva el derecho de poder cotizar con sus proveedores los servicios que demanden la aplicación de estos gastos.Hasta el 100% de los gastos demostrados.
B44: GASTOS ADICIONALES. Sublímite 10% del límite asegurado. | E44: No obstante lo que se diga en contrario en las condiciones generales y particulares de la póliza, la Compañía se obliga a indemnizar los gastos adicionales (que no tengan carácter de permanentes) incluidos aquellos que tenga que asumir por la reconstrucción de archivos, documentos, bases de datos o información en servidores o medios magnéticos, debidamente comprobados en que necesaria y razonablemente incurra el asegurado, como consecuencia directa del siniestro, hasta el 100% de los gastos demostrados.
B45: HONORARIOS PROFESIONALES DE ABOGADOS, CONSULTORES, AUDITORES, INTERVENTORES, ETC Sublímite 10% del límite asegurado. | E45: No obstante lo que se diga en contrario en las condiciones generales y particulares de la póliza, la Compañía se obliga a indemnizar los honorarios en que necesaria y razonablemente incurra el asegurado, por concepto de abogados, consultores, auditores, interventores, revisores, contadores, etc., para obtener y certificar: a.- los detalles extraídos de los libros de contabilidad y del negocio mismo del asegurado, y b.- cualesquiera otras informaciones, documentos y testimonios que sean pedidos por la compañía al asegurado según lo establecido en las condiciones generales y particulares de la póliza. La compañía reconocerá hasta el 100% de los gastos razonables demostrados por el asegurado.
B46: COSTAS EN JUICIO, HONORARIOS PROFESIONALES Y SELECCIÓN DE PROFESIONALES PARA LA DEFENSA. Sublímite del 10% del límite asegurado. | E46: Por medio de la presente cláusula la compañía indemnizará al asegurado las costas de los procesos judiciales y los honorarios de abogados hasta por el 100% del valor asegurado, siempre y cuando sean justificados, razonables, causados y cancelados por el asegurado en la defensa de cualquier procedimiento legal o pleito en el cual sea demandado por el (los) funcionario(s) investigado(s) con ocasión de los hechos que dan origen a la reclamación formulada a la compañía de seguros. Sin embargo, si dicha reclamación es mayor que el monto del deducible, el asegurador asumirá el pago de las costas y honorarios en igual proporción en que haya asumido la pérdida. El asegurador podrá, en caso de así determinarlo y de común acuerdo con el asegurado asumir la defensa en cualquier litigio o procedimiento legal a nombre del asegurado, a través de abogados elegidos por el asegurador. La selección de los profesionales encargados para la defensa corresponderá al Asegurado, o los funcionarios que esta designe, quienes para su aprobación presentan a la compañía la propuesta correspondiente. La compañía podrá, previo común acuerdo con la Entidad asegurada, asumir la defensa de cualquier litigio o procedimiento legal a nombre del asegurado, a través de abogados elegidos por este.
B47: ACTOS DE AUTORIDAD | E47: La póliza se extiende a cubrir los daños o pérdidas materiales de los bienes asegurados, causados directamente por la acción de la autoridad legalmente constituida, ejercida con el fin de disminuir o aminorar las consecuencias de cualquiera de los riesgos amparados. Se excluye el embargo y la confiscación de bienes.
B48: 2.6. | C48: CLÁUSULAS BÁSICAS
B49: REVOCACIÓN DE LA PÓLIZA, CLÁUSULAS O CONDICIONES Con termino de noventa (90) días. | E49: La aseguradora podrá revocar la póliza, cláusulas o condiciones unilateralmente por la compañía, mediante noticia escrita enviada al asegurado, a su última dirección registrada, con no menos de noventa (90) días de antelación; contados a partir de la fecha del envío. El asegurado podrá pedir la revocación en cualquier momento, según lo previsto en el Código de Comercio. Así mismo, en el caso de que la aseguradora decida no otorgar renovación o prorroga del contrato de seguro, deberá dar aviso de ello al asegurado con no menos de noventa (90) días de antelación a la fecha de vencimiento de la póliza, en caso contrario se dará por entendido que la aseguradora acepta la renovación o prorroga hasta el límite legal establecido en la Ley 80 de 1993, para la adición de los contratos y manteniendo las mismas condiciones ofertadas en este proceso.
B50: AMPARO AUTOMÁTICO DE NUEVOS CARGOS | E50: Bajo esta cláusula se otorga amparo automático a todo nuevo cargo creado por la Entidad, durante la vigencia de la misma, sin que exista obligación por parte de la entidad asegurada de reportarle dichos nuevos cargos, siempre que los nuevos cargos cuenten con las mismas seguridades y controles que los reportados en el inicio de la póliza. Esta condición dará derecho a la compañía al cobro de la prima proporcional, calculada a prorrata, con las tasas adjudicadas y correspondiente al periodo de amparo.
B51: ERRORES, OMISIONES O INEXACTITUDES | E51: El tomador está obligado a declarar sinceramente los hechos y circunstancias que determinen el estado del riesgo. La inexactitud sobre hechos o circunstancias que, conocidas por la compañía, la hubieren retraído de celebrar el contrato o inducido a estipular condiciones más onerosas, produce la nulidad relativa del seguro. Sin embargo, si se incurriere en errores, omisiones e inexactitudes inculpables al tomador o al asegurado, el contrato no será nulo ni habrá lugar a la aplicación del inciso tercero del artículo 1058 del Código de Comercio sobre reducción porcentual de la prestación asegurada. En este caso se deberá pagar la prima adecuada al verdadero estado del riesgo.
B52: MODIFICACIÓN A CARGOS | E52: Queda entendido, convenido y aceptado que si durante la vigencia de la presente póliza se presenta cambio de denominaciones a cargos, se consideran automáticamente incorporados a la póliza, sin que el asegurado se obligue a reportarle tales cambios y/o modificaciones, precisando que estos cargos cuentan con los controles y seguridades que los reportados al inicio de vigencia.
B53: AMPLIACIÓN AVISO DEL SINIESTRO Con termino de noventa (90) días. | E53: Queda convenido y aceptado que el asegurado podrá dar aviso de la ocurrencia del siniestro en un término de noventa (90), siguientes a la fecha en que haya conocido o debido conocer la ocurrencia del mismo.
B54: DEFINICIÓN DE TRABAJADOR O EMPLEADO | E54: Queda convenido y aceptado que aseguradora acepta bajo la presente cláusula, que el término "trabajador o empleado" y estén bajo el control y dependencia del asegurado, dondequiera que se utilice en la póliza significará:
E55: 1) La persona natural que, dentro del desempeño del cargo asegurado, presta su servicio a la Entidad, vinculada a éste mediante contrato de trabajo, orden de trabajo o mediante nombramiento por decreto o resolución.
E56: 2) Contratistas bajo la Prestación de Servicios Profesionales para el apoyo a la gestión.
E57: 3) Los asesores y consultores que desarrollan funciones en la Entidad.
E58: 4) Estudiantes o Practicantes mientras estén prosiguiendo estudios o deberes en los predios de la Entidad.
E59: 5) Empleados de seguridad y contratistas y sus empleados, mientras dichos contratistas estén desarrollando servicios temporales para la Entidad.
E60: 6) Los trabajadores suministrados por compañías especializadas para desarrollar trabajos propios del asegurado y bajo supervisión en cualquiera de las oficinas o predios de la Entidad.
E61: 7) Directores cuando sean empleados asalariados, pensionados o cuando estén desarrollando labores propias de un empleado o cuando esté actuando como miembro de cualquier comité debidamente elegido o nombrado por Resolución de la Junta Directiva de la Entidad (cuando aplica) para desempeñar específicamente la labor de nombramiento para actos de dirección en nombre del asegurado.
E62: 8) Cualquier persona que haga parte de la Junta Directiva de la Entidad.
E63: 9) Cualquier persona o compañía empleada por el asegurado para prestar servicios profesionales en cualquier rama de su especialidad mientras estan prestando servicios a la Entidad.
E64: Todas las anteriores definiciones se consideran empleados mientras estén prestando dichos servicios e incluye los primeros noventa (90) días siguientes a la dejación del cargo o a la terminación de sus servicios, según sea el caso y se otorga siempre y cuando el termino indicado se encuentre dentro de la vigencia de la póliza, sin exceder la fecha de finalización de vigencia.
B65: DESIGNACIÓN O DENOMIANACIÓN DE BIENES | E65: La aseguradora acepta el título, nombre, denominación o nomenclatura con que el asegurado identifica o describe los bienes asegurados en sus registros o libros de comercio o contabilidad. El alcance de éstas designación de bienes se amplía al objeto establecido en el Manual de Procedimientos Administrativos y Contables para el manejo y control de los bienes de la Entidad.
B66: CONOCIMIENTO DEL RIESGO | E66: La Compañía acepta mediante la presente cláusula que la Entidad, le ha brindado la oportunidad para realizar la inspección de los bienes y riesgos a que están sujetos los mismos y el patrimonio del Asegurado, razón por la cual se deja constancia del conocimiento y aceptación de los hechos, circunstancias y, en general, condiciones de los mismos. La compañía se reserva el derecho de llevar a cabo la inspección cuantas veces lo juzgue pertinente.
B67: ANTICIPO DE INDEMNIZACIÓN DEL 65% | E67: Queda expresamente acordado que, a petición escrita de la Entidad, la aseguradora anticipará pagos parciales sobre el valor de cualquier reclamo, con base en el valor de la estimación preliminar de la pérdida aceptada por el ajustador, para adelantar la reparación, reposición o remplazo de los bienes asegurados. En el caso de que no haya nombramiento de ajustador, el anticipo se liquidará con base en la valoración de la cuantía de la pérdida amparada, acreditada por la entidad mediante cotización de la misma. Este anticipo también se extiende a cualquier tipo de gastos que se requiera para la operatividad de la póliza. En caso que el anticipo o suma de anticipos que la compañía adelante al asegurado llegare a exceder la suma total indemnizable a que tenga derecho, éste se compromete a devolver el exceso pagado. Para esta cláusula la aseguradora debe contemplar un plazo máximo para el pago del anticipo de diez (10) días hábiles contados a partir de la fecha de solicitud y formalización del mismo este y no se acepta el requerimiento de ningún requisito adicional para realizar el anticipo.
B68: MODIFICACIONES A FAVOR DEL ASEGURADO | E68: Los cambios o modificaciones a las condiciones de la presente póliza, serán acordados mutuamente entre la compañía y el asegurado. El certificado, documento o comunicaciones que se expidan para formalizarlos debe ser firmado, en señal de aceptación, por un representante legal del asegurado o funcionario autorizado, prevaleciendo sobre las condiciones de esta póliza. No obstante, si durante la vigencia de la póliza se presentan modificaciones en las condiciones del seguro, legalmente aprobadas que representen un beneficio a favor del asegurado, tales modificaciones se consideran automáticamente incorporadas. Siempre y cuando no causen cobro de prima adicional.
B69: NOMBRAMIENTO Y DESIGNACIÓN DE AJUSTADORES | E69: El nombramiento de ajustadores deberá efectuarse de común acuerdo entre la aseguradora y el asegurado, para lo cual la aseguradora presentará para cada reclamo una relación de cinco (5) firmas ajustadoras. No obstante la anterior condición, el asegurador con su propuesta se obliga a presentar la lista de todos sus ajustadores y la Entidad se reserva el derecho de nombrar al ajustador que considere más adecuado o solicitar el cambio de los mismos en caso de que no fueren de su entera satisfacción, sin que para ello se requiera motivación alguna.
B70: VARIACIONES O MODIFICACIONES DEL RIESGO | E70: Queda entendido, convenido y aceptado que las notificaciones que sobre los hechos o circunstancias no previsibles que sobrevengan con posterioridad a la celebración del contrato de seguro y que, conforme al criterio consignado en el inciso 1° del artículo 1058 del código de comercio, signifiquen agravación del riesgo, se efectuarán por la Entidad dentro de los noventa (90) días siguientes a la fecha de modificación del riesgo.
B71: NO CONCURRENCIA DE AMPAROS, CLÁUSULAS O CONDICIONES | E71: Queda entendido, convenido y aceptado, que si dos o más amparos, cláusulas o condiciones otorgan cobertura a un mismo evento, se indemnizará con base en aquella que ofrezca mayor protección para los intereses del asegurado. De igual manera prevalecerán los amparos, cláusulas o condiciones que otorguen coberturas sobre aquellos que las excluyan. En todo caso y ante cualquier discrepancia sobre cuál es el amparo, cláusula o condición aplicable a un caso determinado, se aplicara aquella o aquellas que en conjunto determine el asegurado de acuerdo a su conveniencia.
B72: AMPARO AUTOMÁTICO DE CARGOS QUE POR ERROR U OMISIÓN NO SE HAYAN INFORMADO AL INICIO DE LA VIGENCIA. | E72: Queda entendido, convenido y aceptado que no obstante lo que en contrario se diga en las condiciones generales de la póliza, el presente anexo se extiende a cubrir automáticamente todo cargo que por error u omisión no se haya informado al inicio del seguro por el asegurado. El asegurado deberá comunicar tal situación a la aseguradora dentro del plazo aca estipulado y siguientes a la expedición del seguro y la compañía efectuará el cobro de la prima proporcional a prorrata.
B73: NO APLICACIÓN DE GARANTÍAS | E73: Queda expresamente acordado y aceptado que la cobertura otorgada bajo la presente póliza no queda sujeta al cumplimiento de ningún tipo de garantía por parte de la entidad asegurada.
B74: NO APLICACIÓN DE DEDUCIBLE O RESTRICCIÓN DE LÍMITE PARA CAJAS MENORES | E74: Queda expresamente acordado y aceptado que la aseguradora acepta la no aplicación de deducibles para Cajas Menores y tampoco impondrá restricciones al límite de número y cuantías que manejan cada una de ellas.
B75: FALTANTES DE INVENTARIOS 30% DEL LÍMITE ASEGURADO | E75: El oferente ofrecerá la cobertura para los faltantes de inventarios atribuibles a funcionarios de la entidad siempre y cuando tales pérdidas sean como consecuencia de eventos amparados bajo presente póliza. Se otorga la cobertura siempre que se acredite en el reclamo que las pérdidas fueron causadas por la intervención de uno o más empleados.
B76: DETERMINACIÓN DE LA PÉRDIDA INDEMNIZABLE | E76: La aseguradora debe contemplar en forma expresa que la determinación del valor de la pérdida indemnizable de bienes, se efectuará con base en cotizaciones de bienes de la misma clase, capacidad, tipo y marca o de las características más similares que ofrezca el mercado. En caso de que en el mercado no existan bienes de las mismas o similares características, la determinación se efectuará con base en la (s) alternativa (s) de reemplazo que presentará el asegurado.
... B83: CLÁUSULA DE JURISDICCION Y SOLUCION DE CONTROVERSIAS | E83: Toda y cualquier diferencia que surja entre las partes por la interpretación del presente contrato, su ejecución, cumplimiento, terminación o las consecuencias futuras del mismo, será dirimida bajo la jurisdicción y legislación de la República de Colombia. Las diferencias y controversias que surjan se solucionarán con sujeción a las siguientes instancias que se agotarán de forma sucesiva o a elección de las partes, así:
E84: a). Arreglo Directo: Las partes tratarán de resolver sus diferencias de forma directa y entre ellas mismas dentro del plazo de quince (15) días contados a partir de la notificación escrita en que cualquiera de ellas informe a la otra de un conflicto o controversia orIginado en el contrato. b). Conciliación: Agotado el plazo anterior sin que las partes lograsen un acuerdo por si mismas, acudirán a la asistencia de un conciliador legalmente autorizado que se designará y actuará según los parámetros establecidos por la Ley 446 de 1998 y el decreto 1818 del mismo año, la etapa de conciliación durará un mes (1) desde el momento en que las partes o cualquiera de ellas radique la solicitud de conciliación respectiva, en caso de lograrse la conciliación la misma producirá efectos de cosa juzgada entre las partes, en caso contrario agotará el requisito de procedibilidad para acudir a la jurisdicción ordinaria o arbitral según corresponda, de acuerdo con los literales c) y d) de la presente cláusula.
E85: c). Jurisdicción Ordinaria: Agotadas las instancias anteriores, si la cuantía de las pretensiones derivadas de la diferencia que surja entre las partes por la interpretación del presente contrato, su ejecución, cumplimiento, terminación o las consecuencias futuras del mismo, no excediere de 220 SMMLV las partes sujetarán su controversia a la decisión del juez de instancia que corresponda según la cuantía y competencia en arreglo a lo previsto por el código de procedimiento Civil. d). Jurisdicción Arbitral: Agotadas las instancias anteriores, si la cuantía de las pretensiones derivadas de la diferencia que surja entre las partes por la interpretación del presente contrato, su ejecución, cumplimiento, terminación o las consecuencias futuras del mismo, se llevará el conflicto a la decisión de un Tribunal de Arbitramento Institucional cuyo domicilio será la ciudad de Bogotá D.C., el Tribunal estará integrado por un (1) árbitro que será designado conjuntamente por las partes dentro de los quince (15) días hábiles siguientes al envío de la comunicación por correo certificado que una de ellas le haga llegar a la otra solicitando la conformación del Tribunal; en caso de desacuerdo o falta de respuesta de la parte requerida, la otra parte podrá solicitar la designación y conformación del Tribunal al centro de Arbitraje y Conciliación de la Cámara de Comercio de la ciudad de Bogotá D.C.. El Tribunal así conformado funcionará en la ciudad de Bogotá D.C. y el laudo deberá proferirse en derecho, sujetándose en un todo al Decreto 2279 de 1.989, la ley 23 de 1.991, a la Ley 446 de 1.998, sus decretos reglamentarios y demás normas que regulan esta figura judicial. Esta última sujeta a lo dispuesto en Directiva Presidencial 04 del 18 de mayo de 2018.
B86: LIQUIDACIÓN A PRORRATA EN CASO DE CANCELACIÓN DE LA PÓLIZA POR PARTE DEL ASEGURADO | E86: Bajo esta cláusula la aseguradora debe aceptar que en caso de cancelación de la póliza por parte del asegurado, la devolución de las primas respectivas se realizará a prorrata.
B87: LIQUIDACIÓN A PRORRATA PARA PRÓRROGA DE LA VIGENCIA | E87: En caso de que el asegurado lo requiera, la aseguradora realizara la liquidación de la prima de la prórroga a prorrata con las mismas tasas y condiciones de la póliza inicial. Siempre y cuando la siniestralidad de la póliza no sea mayor al 50%, en el caso que la siniestralidad supere el 50% la aseguradora acordará con el asegurado las condiciones en que se otorgará la prórroga.
B88: CONDICIONES DE RENOVACIÓN Y/O PRORROGA DE LA PÓLIZA | E88: En caso de que el asegurado decida renovar y/o prorrogar la póliza, la aseguradora se obliga a mantener los términos contratados con las mismas tasas y condiciones de la póliza inicial, siempre y cuando la siniestralidad de la póliza no sea mayor al 50%, en el caso que la siniestralidad supere el 50% la aseguradora acordará con el asegurado las condiciones en que se otorgará las condiciones de renovación. La aseguradora se obliga a entregar en cualquiera de las situaciones de resultado de siniestralidad, las condiciones con una antelación de noventa (90) días antes del vencimiento de la póliza.
B89: CLÁUSULA DE CONDICIONES PARTICULARES | E89: Queda expresamente acordado y convenido, que la aseguradora acepta las condiciones obligatorias (mínimas técnicas) establecidas en este anexo, en los términos señalados en el mismo, por lo tanto, en caso de existir discrepancia ente los ofrecimientos contenidos en la propuesta técnica básica, frente a los textos de los ejemplares de las pólizas, a las condiciones generales, certificados, anexos o cualquier otro documento; prevalecerá la información y condiciones básicas técnicas establecidas de este anexo, de igual forma en caso de encontrarse contradicción en alguna condición prevalecerá la de mayor beneficio para el asegurado.
B90: DETERMINACIÓN DE CONDICIONES Y REQUISITOS PARA EL PAGO DE INDEMNIZACIONES | E90: La aseguradora manifiesta expresamente que acepta los requisitos y documentos contenidos en el ANEXO No. 5 REQUISITOS PARA EL PAGO DE LAS INDEMNIZACIONES, como únicos para la atención y pago de reclamaciones por siniestros. A futuro no podrá exigir documentos o trámites adicionales.
B91: 2.7. | C91: EXCLUSIÓN DE ENFERMEDADES TRANSMISIBLES O CONTAGIOSAS
B92: Este seguro no cubre cualquier reclamo de ninguna manera causado por o como resultado de: a) Enfermedad por coronavirus (COVID-19) b) Coronavirus 2 del síndrome respiratorio agudo severo (SARS-CoV-2) c) Cualquier mutación o variación de SARS-CoV-2; d) Cualquier otra enfermedad transmisible, epidemia o pandemia e) Cualquier temor o amenaza de a), b), c) ó d) anteriores f) La interrupción de negocios y/o pérdidas financieras sufridas por la Entidad al no poder desarrollar la actividad para la cual fue creada como consecuencia de a), b), c), d) y e) anteriores.
B93: 2.8. | C93: COBERTURAS, AMPAROS Y BIENES SIN APLICACIÓN DE DEDUCIBLES EN FORMA OBLIGATORIA
B94: La Entidad, requiere oferta de cobertura SIN APLICACIÓN DE DEDUCIBLE, para los bienes y/o amparos y/o eventos, señalados a continuación y por lo tanto el proponente con la firma del FORMATO No. 2 - CARTA DE ACEPTACIÓN DE LAS CONDICIONES OBLIGATORIAS (MÍNIMAS TÉCNICAS), admite estas condiciones.
B95: • Caja Menores sin aplicación de deducibe.
B96: 2.9. | C96: DEDUCIBLES MÁXIMOS ACEPTABLES (RELACIONAR LOS DEDUCIBLES ACTUALES Y ANALIZAR SI A LA ENTIDAD LE AUMENTARON DEDUCIBLES POR TEMAS EXTRAORDINARIOS)
B97: 1. EMPLEADOS NO IDENTIFICADOS: Sin aplicación de deducible | H97: APLICA SI TIENE DEDUCIBLES
B98: 2- Demas eventos y/o amparos: Sin deducible
B99: NOTA: El ofrecimiento de deducibles superiores a los enunciados, constituyen causal de rechazo de la oferta.
B100: 2.10. | C100: COMISIÓN
B101: En virtud de lo expuesto en el artículo 1341 del Código de Comercio el Intermediario tendrá derecho a la comisión, la cual será pagada por la Compañía de Seguros.

Sheet 3. COND. BÁSICAS RCE
B3: =+'2. COND. BÁSICAS MANEJO'!$B$3:$G$3 -> INSTITUTO DISTRITAL DE DEPORTES Y RECREACIÓN DE CARTAGENA DE INDIAS D.T. Y C.
B4: ANEXO No. 1 - CONDICIONES OBLIGATORIAS (MÍNIMAS TÉCNICAS)
B7: 3. PÓLIZA DE SEGURO DE RESPONSABILIDAD CIVIL EXTRACONTRACTUAL
B8: 3.1. | C8: INFORMACIÓN GENERAL
B9: TOMADOR: | C9: =+'2. COND. BÁSICAS MANEJO'!$C$9:$E$9 -> INSTITUTO DISTRITAL DE DEPORTES Y RECREACIÓN DE CARTAGENA DE INDIAS D.T. Y C. | F9: NIT. | G9: =+'1. COND. BÁSICAS TRDM'!G9 -> 8002327266
B10: ASEGURADO: | C10: =+C9 -> INSTITUTO DISTRITAL DE DEPORTES Y RECREACIÓN DE CARTAGENA DE INDIAS D.T. Y C. | F10: NIT. | G10: =+G9 -> 8002327266
B11: BENEFICIARIO: | C11: TERCEROS AFECTADOS
B12: 3.2. | C12: OBJETO DEL SEGURO
B13: Amparar los perjuicios patrimoniales y extrapatrimoniales que cause el INSTITUTO DISTRITAL DE DEPORTES Y RECREACION DE CARTAGENA DE INDIAS D.T. Y C. como consecuencia de la Responsabilidad Civil Extracontractual originada dentro o fuera de sus instalaciones, en el desarrollo de sus actividades o en lo relacionado con ella, lo mismo que los actos de sus empleados y funcionarios o el personal para el apoyo a la gestión administrativa dentro y fuera del territorio nacional o por bienes que se encuentren bajo tenencia, control y/o responsabilidad . Nota: Se entenderán como terceros todas y cada una de las personas que circulen, ingresen, accedan o se encuentren en los predios de asegurado o por los cuales es responsable en su aseguramiento, independientemente que el asegurado le esté prestando un servicio objeto de su razón social.
B14: 3.3. | C14: LÍMITE ASEGURADO EVENTO / VIGENCIA
B15: Oferta Básica: | F15: 1100000000
B16: 3.3.1. | C16: MODALIDAD DE COBERTURA
B17: Por ocurrencia: La aseguradora cubre todos los perjuicios que se generen durante la vigencia del seguro
B18: 3.4. | C18: INFORMACIÓN GENERAL
B19: Nómina promedio mensual: $ 186.470.444
B20: Número de funcionarios: 25 Contratistas: XXX
B21: Presupuesto anual proyectado de la Entidad año 2026: $2.237.645.328
B22: 3.4.1. | C22: BASE PARA LA DETERMINACIÓN Y APLICACIÓN DEL CONCEPTO SUBLÍMITE / VIGENCIA / AGREGADO ANUAL
B23: Para la totalidad de Coberturas y/o condiciones básicas sublímitadas, queda expresamente aceptado por parte de los proponentes que, en concordancia con la vigencia de la póliza que se adjudique, cada Sublímite operará así:
B24: - Si la vigencia es inferior a doce (12) meses: (Sublímite indicado) Evento /Agregado vigencia.
B25: - Si la vigencia es mayor a doce (12) meses: Sublímite indicado Evento /Agregado Anual.
B26: En caso de discrepancia en alguna cobertura o cláusula básicas con relación al concepto de aplicación del sublímite / vigencia / agregado anual, frente a la vigencia ofertada, prevalece el establecido en este numeral con relación al plazo de la condición ofertada.
B27: NOTA: | C27: CADA SUBLÍMITE O GASTOS INDICADOS ESTAN CONTEMPLADOS DENTRO DEL LÍMITE ASEGURADO.
B28: 3.4.2. | C28: PREDIOS ASEGURADOS
B29: Todos los de propiedad del asegurado, que éste use o entregue en comodato y aquellos de terceros que el asegurado use, mantenga, ocupe en desarrollo de sus actividades y operaciones y los tomados en arriendo.
B30: 3.5. | C30: COBERTURAS BÁSICAS
B31: Queda expresamente acordado y convenido, que mediante la presente póliza la aseguradora ampara los perjuicios patrimoniales y extrapatrimoniales, que cause la Entidad a terceros al igual que las costas y gastos de proceso, siempre y cuando el hecho generador le cause daños materiales, lesiones personales y/o muerte; generados como consecuencia de la responsabilidad civil extracontractual originada dentro o fuera de sus instalaciones, en el desarrollo de sus actividades propias a su objeto social o en lo relacionado con ellas, incluidos los actos de sus empleados y funcionarios en el desarrollo de sus funciones. De igual forma, se acuerda que para todos los efectos de la presente póliza, el termino de “perjuicios patrimoniales” contempla los perjuicios relacionados con daños materiales, daño emergente, lucro cesante y demás perjuicios considerados como patrimoniales; y el termino de “perjuicios extrapatrimoniales” comprende, entre otros, el daño moral, daño fisiológico, daño a la vida de relación y demás perjuicios considerados como extrapatrimoniales. La aseguradora acepta expresamente el otorgamiento de la cobertura de este seguro, según lo previsto en el Artículo 1131 del Código de Comercio, relacionado con la configuración del siniestro e inicio de la prescripción, que estipula: ARTICULO 1131. Configuración del siniestro en el seguro de responsabilidad civil. En el seguro de responsabilidad se entenderá ocurrido el siniestro en el momento en que acaezca el hecho externo imputable al asegurado, fecha a partir de la cual correrá la prescripción respecto de la víctima. Frente al asegurado ello ocurrirá desde cuando la víctima le formula la petición judicial o extrajudicial.
B32: PREDIOS, LABORES Y OPERACIONES (incluyendo incendio y explosión) | E32: La aseguradora se obliga a indemnizar, sujeto a los términos y condiciones establecidas tanto en las condiciones generales como a las particulares de la póliza, los perjuicios patrimoniales y extrapatrimoniales que cause el asegurado con motivo de la responsabilidad civil extracontractual en que incurra de acuerdo con la ley colombiana, por hechos imputables al asegurado, que causen la muerte, lesión o menoscabo en la salud de las personas (daños personales) y/o el deterioro o destrucción de bienes (daños materiales) y perjuicios económicos, incluyendo lucro cesante y daño moral, como consecuencia directa de tales daños personales y/o daños materiales. La aseguradora responderá, además, por los costos del proceso que el tercero damnificado o sus causahabientes promuevan en su contra o la del asegurado, con las salvedades siguientes: a) Si la Entidad asegurada afronta el proceso contra orden expresa de la compañía. b) Si la responsabilidad proviene de dolo o está expresamente señalada en las exclusiones de la póliza. c) Si la condena por los perjuicios ocasionados a la víctima excede la suma que delimita la responsabilidad de la aseguradora, esta solo responderá por los gastos del proceso en proporción a la cuota que le corresponda en la indemnización.
E33: PREDIOS, los perjuicios patrimoniales y extrapatrimoniales que cause el asegurado por la posesión, el uso o el mantenimiento de sus predios o por los que es responsable y en especial en los que la Entidad asegurada desarrolla y realiza las actividades objeto de la cobertura de esta póliza.
E34: LABORES Y OPERACIONES, los perjuicios patrimoniales y extrapatrimoniales que cause el asegurado por las labores u operaciones que lleva a cabo la Entidad asegurada en el desarrollo de las actividades objeto de la cobertura de esta póliza incluyendo todos los riesgos que son inherentes a las actividades desarrolladas por el asegurado en el giro normal de sus actividades y derivadas de: a) Posesión o uso de ascensores y escaleras automáticas, elevadores, montacarga, grúas, puente grúas, equipo de trabajo. b) Posesión o uso de máquinas y equipos de trabajo, de cargue, descargue y transporte dentro de los predios asegurados. c) Transporte de bienes del asegurado, tales como materias primas, productos en proceso y productos terminados, fuera de los predios asegurados (Cuando aplique) d) Operaciones de cargue y descargue. (Cuando aplique) e) Posesión o uso de avisos y vallas publicitarias en el territorio nacional. f) Posesión o uso de sus instalaciones sociales, culturales y deportivas y los eventos que el asegurado realice u organice en ellas. g) Viajes de funcionarios del asegurado dentro y fuera del territorio nacional. h) Actividades y Eventos Sociales y Culturales i) Participación del asegurado en ferias y exposiciones nacionales. j) Errores de puntería, opera en exceso de las pólizas que por ley deben tener contratadas las empresas de vigilancia, empleados del asegurado o contratados a través de firma especializada. (Excepto cuando se trata de sus propios funcionarios). k) Vigilancia de los predios por medio de personal armado y/o animales opera en exceso de las pólizas que por ley deben tener contratadas las empresas de vigilancia, empleados del asegurado o contratados a través de firma especializada. (Excepto cuando se trata de sus propios funcionarios)
E35: l) Posesión o uso de depósitos, tanques y tuberías ubicados o instalados dentro de los predios asegurados. m) Actos de los directivos, representantes y empleados del asegurado en el desempeño de sus funciones y dentro de las actividades aseguradas. Se excluye la Responsabilidad Profesional. n) Posesión o uso de cafeterías, casinos y restaurantes para uso de sus empleados y/o invitados. ñ) Incendio y/o explosión producidos dentro de los predios asegurados. o) Uso de parqueaderos dentro de los predios del asegurado p) Descargue, dispersión, liberación o escape de humo, vapores, hollín, ácidos, álcalis y en general productos químicos tóxicos, líquidos o gaseosos, y demás materias irritantes o contaminantes, en o sobre la tierra, atmosfera, ríos, lagos o cualquier curso o cuerpo de agua, producida en forma accidental, súbita e imprevista. (Cuando aplique) q) Uso de casinos, restaurantes y cafeterías de su propiedad o que sean ocupados por él o que tenga tomados en arrendamiento o alquiler, no obstante el hecho que éstos estén administrados por personas naturales o jurídicas distintas de la entidad o sus empleados. r) Productos y Trabajos terminados sin son de la misionalidad de la Entidad, se excluye recogida del producto. (Cuando aplique). s) Participación del asegurado en ferias y exposiciones internacionales, excluyendo la responsabilidad en los países de Estados Unidos, Puerto Rico y Canadá.
B36: GASTOS MÉDICOS (sin aplicación de deducibles). Sublímite $400.000.000 evento / $450.000.000 agregado vigencia | E36: La aseguradora debe contemplar para la propuesta de este amparo, que indemnizarán hasta el límite establecido en la póliza y dentro de los términos y con sujeción a las condiciones de este seguro, los gastos razonables y prioritarios que se causen, por concepto de primeros auxilios inmediatos, servicios médicos, quirúrgicos, de ambulancia de hospital, de enfermeras y medicamentos, como consecuencia de las lesiones corporales producidas a terceros en desarrollo de las actividades de la entidad. Se precisa, que el amparo que se otorga es independiente al de responsabilidad civil extracontractual y por consiguiente, los pagos que por dicho concepto se realicen, en ningún caso pueden ser interpretados como aceptación tácita de responsabilidad y no está sujeto a la aplicación de deducible. Los funcionarios y contratistas para el apoyo a la gestión administrativa y demás personal de apoyo a la Entidad se consideran terceros. De igual forma, en caso de requerirse, este amparo puede aplicar por reembolso.
B37: RESPONSABILIDAD CIVIL PATRONAL. Sublímite de $200.000.000 persona / Agregado Anual | E37: La aseguradora mediante este amparo se compromete a indemnizar los perjuicios patrimoniales derivados de la responsabilidad civil extracontractual que le sea imputable al asegurado en su calidad de empleador exclusivamente por los accidentes de trabajo que sufran los empleados a su servicio, en el desarrollo de las actividades asignadas a ellos y de acuerdo con las siguientes definiciones y condiciones: a) Se entiende por empleado toda persona que mediante contrato de trabajo o de prestación de servicios (incluidos contratistas para el apoyo a la gestión administritativa o misional) preste al asegurado. b) Quedan excluidas de este seguro: Las enfermedades profesionales, endémicas o epidémicas, contagiosas (en especial el COVID19), por accidentes de trabajo que se hayan sido provocados deliberadamente o por culpa grave del empleado. Se precisa que este amparo opera en exceso de la seguridad social.
B38: CONTRATISTAS Y SUBCONTRATISTAS INDEPENDIENTES AL 100% DEL LÍMITE ASEGURADO | E38: La aseguradora bajo este amparo se obliga a cubrir los perjuicios patrimoniales derivados de la responsabilidad civil extracontractual que le sea imputable al asegurado y/o los gastos médicos por los daños que causare a terceros, a consecuencia de labores amparadas realizadas por contratistas y subcontratistas independientes a su servicio. Se precisa que este amparo opera en exceso de las pólizas del contratista o subcontratista.
B39: RESPONSABILIDAD CIVIL CRUZADA AL 50% DEL LÍMITE ASEGURADO. | E39: Se cubren los perjuicios patrimoniales causados por un contratista a otro, a consecuencia de las labores amparadas previamente contratadas por el asegurado y que se efectúen dentro de los predios del mismo. Se precisa que este amparo opera en exceso de las pólizas del contratista.
B40: RESPONSABILIDAD CIVIL POR LA CAIDA, EL DESCOPE, LA PODA Y EL MANTENIMIENTO DE ÁRBOLES. (siempre y cuando sea responsabilidad del asegurado) | E40: Se cubren los perjuicios patrimoniales causados por la caída, el descope, la poda y el mantenimiento de árboles, siempre y cuando sean responsabilidad de la entidad.
B41: VEHÍCULOS PROPIOS Y NO PROPIOS EN EXCESO DEL SEGURO DE AUTOMÓVILES Y SOAT. ( Sublímite de 50% del limite asegurado por evento 70% del limite asegurado Agregado anual | E41: Mediante esta condición se indemnizarán los daños que cause el asegurado en razón de la responsabilidad civil por lesiones a terceras personas o daños a propiedades de terceros que le sean imputables legalmente como consecuencia de la utilización en el giro normal de sus negocios, de vehículos propios o no propios incluido los de los funcionarios en desarrollo de las actividades del asegurado y en exceso de los limites contratados en el seguro de automóviles. En caso que el vehículo que generó los daños no cuente con póliza de automóviles y/o SOAT, la cobertura de los daños será asumida por la presente póliza hasta el monto del límite fijado.
B42: DAÑOS Y HURTO DE VEHÍCULOS INCLUIDOS ACCESORIOS EN PARQUEADEROS Y PREDIOS DEL ASEGURADO Sublímite de $50.000.000 por vehículo / $100.000.000 Agregado anual | E42: Queda entendido y convenido que la cobertura de la póliza se extiende a amparar los eventos que ocurran en los parqueaderos de propiedad o sobre los cuales se ejerza tenencia y/o control y/o custodia el asegurado, incluyendo daños y hurto de vehículos, motocicletas, bicicletas, patinetas o accesorios. Los vehículos de los funcionarios y contratistas se consideran terceros.
B43: AMPARO AUTOMÁTICO PARA NUEVOS PREDIOS Y OPERACIONES Con termino de noventa (90) días. | E43: La aseguradora debe contemplar la extensión de la cobertura automática del seguro, en los mismos términos y limitaciones establecidos en esta póliza, para amparar la responsabilidad extracontractual por nuevas operaciones y/o el uso, posesión y demás actividades desarrolladas en nuevos predios que adquiera el asegurado o sobre los cuales obtenga el dominio o control. Esta condición dará derecho a la compañía al cobro de la prima proporcional, calculada a prorrata, con las tasas adjudicadas y correspondiente al periodo de amparo
B44: GASTOS ADICIONALES PARA CAUCIONES Y COSTAS PROCESALES. | E44: La presente póliza ampara los siguientes gastos razonables: a) El costo de cualquier clase de caución que el Asegurado tenga que prestar. El costo de cualquier clase de caución que el Asegurado tenga que prestar. La aseguradora no se obliga a constituir la caución, sin embargo si se obliga a cubrir el valor de la prima que esta genere. b) Intereses de mora en beneficio del tercero afectado.
B45: GASTOS ADICIONALES PARA HONORARIOS PROFESIONALES DE ABOGADOS, CONSULTORES, AUDITORES, INTERVENTORES, ETC. | E45: No obstante lo que se diga en contrario en las condiciones generales y particulares de la póliza, la Compañía se obliga a indemnizar los honorarios razonables en que necesaria y razonablemente incurra el asegurado, por concepto de abogados, consultores, auditores, interventores, revisores, contadores, etc., para obtener y certificar: a.- los detalles extraídos de los libros de contabilidad y del negocio mismo del asegurado, y b.- cualesquiera otras informaciones, documentos y testimonios que sean pedidos por la compañía al asegurado según lo establecido en las condiciones generales y particulares de la póliza. La compañía reconocerá hasta el 100% de las gastos razonables demostrados por el asegurado.
B46: POLUCIÓN Y CONTAMINACIÓN ACCIDENTAL | E46: Se cubren los perjuicios derivados de la responsabilidad civil extracontractual en que pudiera incurrir el asegurado por daños a terceros, ocasionados por variaciones perjudiciales de aguas, atmósfera suelos, subsuelos o bien por ruido y habiéndose manifestado durante la vigencia de la póliza siempre y cuando sean a consecuencia directa de un acontecimiento que, desviándose de la marcha normal de la actividad objeto del seguro, ocurra durante la vigencia de la póliza, dentro de los inmuebles asegurados de forma repentina, accidental e imprevista. Se excluye la polución y contaminación paulatina.
B47: RESPONSABILIDAD CIVIL DERIVADA DE MONTAJES, CONSTRUCCIONES Y OBRAS CIVILES PARA EL MANTENIMIENTO Y/O AMPLIACIÓN O ENSANCHE DE PREDIOS. (CUANDO APLIQUE) Sublimite 10% del valor asegurado evento / Agregado anual | E47: Se cubren los perjuicios derivados de la responsabilidad civil extracontractual derivada de montajes , construcciones y obras civiles para el mantenimiento y/o ampliación o ensanche de predios. Se excluye RCE derivada del mantenimiento, pruebas, errores de diseño y riesgo petroquímico.
... B52: BIENES BAJO CUIDADO, TENENCIA, CONTROL Y CUSTODIA | E52: Se amparan los daños y/o perjuicios que se causen a terceros, con bienes que sin ser de propiedad del asegurado se encuentren bajo su cuidado, tenencia, control y custodia. Se excluye el hurto en cualquiera de sus formas y el daño de dichos bienes.
B53: 3.6. | C53: CLÁUSULAS BÁSICAS
B54: REVOCACIÓN DE LA PÓLIZA, CLÁUSULAS O CONDICIONES Con termino de noventa (90) días. | E54: La aseguradora podrá revocar la póliza, cláusulas o condiciones unilateralmente por la compañía, mediante noticia escrita enviada al asegurado, a su última dirección registrada, con no menos de noventa (90) días de antelación; contados a partir de la fecha del envío. El asegurado podrá pedir la revocación en cualquier momento, según lo previsto en el Código de Comercio. Así mismo, en el caso de que la aseguradora decida no otorgar renovación o prórroga del contrato de seguro, deberá dar aviso de ello al asegurado con no menos de noventa (90) días de antelación a la fecha de vencimiento de la póliza, en caso contrario se dará por entendido que la aseguradora acepta la renovación o prorroga hasta el límite legal establecido en la Ley 80 de 1993, para la adición de los contratos y manteniendo las mismas condiciones ofertadas en este proceso.
B55: ERRORES, OMISIONES O INEXACTITUDES | E55: El tomador está obligado a declarar sinceramente los hechos y circunstancias que determinen el estado del riesgo. La inexactitud sobre hechos o circunstancias que, conocidas por la compañía, la hubieren retraído de celebrar el contrato o inducido a estipular condiciones más onerosas, produce la nulidad relativa del seguro. Sin embargo, si se incurriere en errores, omisiones e inexactitudes inculpables al tomador o al asegurado, el contrato no será nulo ni habrá lugar a la aplicación del inciso tercero del artículo 1058 del Código de Comercio sobre reducción porcentual de la prestación asegurada. En este caso se deberá pagar la prima adecuada al verdadero estado del riesgo.
B56: AMPLIACIÓN AVISO DEL SINIESTRO Con termino de noventa (90) días. | E56: Queda convenido y aceptado que el asegurado podrá dar aviso de la ocurrencia del siniestro en un término de noventa (90), siguientes a la fecha en que haya conocido o debido conocer la ocurrencia del mismo.
B57: DESIGNACIÓN O DENOMINACIÓN DE BIENES | E57: La aseguradora acepta el título, nombre, denominación o nomenclatura con que el asegurado identifica o describe los bienes asegurados en sus registros o libros de comercio o contabilidad. El alcance de éstas designación de bienes se amplía al objeto establecido en el Manual de Procedimientos Administrativos y Contables para el manejo y control de los bienes de la Entidad.
B58: CONOCIMIENTO DEL RIESGO | E58: La aseguradora acepta mediante la presente cláusula que la Entidad, le ha brindado la oportunidad para realizar la inspección de los bienes y riesgos a que están sujetos los mismos y el patrimonio del Asegurado, razón por la cual se deja constancia del conocimiento y aceptación de los hechos, circunstancias y, en general, condiciones de los mismos. La compañía se reserva el derecho de llevar a cabo la inspección cuantas veces lo juzgue pertinente.
B59: PAGO DE LA INDEMNIZACIÓN | E59: Queda expresamente acordado que la aseguradora acepta efectuar el pago de la indemnización, en dinero o mediante el giro al tercero afectado o podrá optar por girar a los contratistas y/o proveedores de servicios o suministro de éstos u otros similares con los cuales el tercero afectado, decida remplazar, reconstruir, reparar y/o reponer el bien o bienes objeto de indemnización por el perjuicio causado; y para este último caso la compañía efectuará el pago hasta el monto de su responsabilidad, precisando que en todo caso y por tratarse de una póliza de Responsabilidad Civil, la indemnización será reconocida a quien acredite la calidad de víctima.
B60: ANTICIPO DE INDEMNIZACIÓN DEL 65% | E60: Queda expresamente acordado que, a petición escrita de la Entidad, la aseguradora anticipará pagos parciales sobre el valor de cualquier reclamo, con base en el valor de la estimación preliminar de los perjuicios causados o la pérdida aceptada por el ajustador, para adelantar la reparación, reposición o remplazo de los perjuicios o las perdidas causadas. En el caso de que no haya nombramiento de ajustador, el anticipo se liquidará con base en la valoración de la cuantía de la pérdida amparada, acreditada por la entidad mediante cotización de la misma. Este anticipo también se extiende a cualquier tipo de gastos que se requiera para la operatividad de la póliza. En caso que el anticipo o suma de anticipos que la compañía adelante al asegurado llegare a exceder la suma total indemnizable a que tenga derecho, éste se compromete a devolver el exceso pagado. Para esta cláusula la aseguradora debe contemplar un plazo máximo para el pago del anticipo de diez (10) días hábiles contados a partir de la fecha de solicitud y formalización del mismo este y no se acepta el requerimiento de ningún requisito adicional para realizar el anticipo.
B61: MODIFICACIONES A FAVOR DEL ASEGURADO | E61: Los cambios o modificaciones a las condiciones de la presente póliza, serán acordados mutuamente entre la compañía y el asegurado. El certificado, documento o comunicaciones que se expidan para formalizarlos debe ser firmado, en señal de aceptación, por un representante legal del asegurado o funcionario autorizado, prevaleciendo sobre las condiciones de esta póliza. No obstante, si durante la vigencia de la póliza se presentan modificaciones en las condiciones del seguro, legalmente aprobadas que representen un beneficio a favor del asegurado, tales modificaciones se consideran automáticamente incorporadas. Siempre y cuando no causen cobro de prima adicional.
B62: NOMBRAMIENTO Y DESIGNACIÓN DE AJUSTADORES | E62: El nombramiento de ajustadores deberá efectuarse de común acuerdo entre la aseguradora y el asegurado, para lo cual la aseguradora presentará para cada reclamo una relación de cinco (5) firmas ajustadoras. No obstante la anterior condición, el asegurador con su propuesta se obliga a presentar la lista de todos sus ajustadores y la Entidad se reserva el derecho de nombrar al ajustador que considere más adecuado o solicitar el cambio de los mismos en caso de que no fueren de su entera satisfacción, sin que para ello se requiera motivación alguna.
B63: VARIACIONES O MODIFICACIONES DEL RIESGO | E63: Queda entendido, convenido y aceptado que las notificaciones que sobre los hechos o circunstancias no previsibles que sobrevengan con posterioridad a la celebración del contrato de seguro y que, conforme al criterio consignado en el inciso 1° del artículo 1058 del código de comercio, signifiquen agravación del riesgo, se efectuarán por la Entidad dentro de los noventa (90) días siguientes a la fecha de modificación del riesgo.
B64: PROPIETARIOS, ARRENDATARIOS O POSEEDORES | E64: La cobertura de la presente póliza se extiende a cubrir todos los gastos que el asegurado por su responsabilidad le llegaren a imputar y que este esté legalmente obligado a pagar por cualquier ocurrencia de pérdida o perjuicio que surja en su calidad de arrendatario, arrendador o poseedor de cualquier inmueble, aun cuando éstos no se encuentren específicamente descritos en la póliza. Queda cubierta igualmente la responsabilidad civil extracontractual del asegurado en caso de reparaciones, modificaciones o construcciones de los mismos inmuebles; se cubre también la responsabilidad civil de la persona o personas encargadas por contrato de mantenimiento del inmueble y únicamente cuando se encuentren en ejercicio de las funciones que dicho contrato estipule.
B65: NO APLICACIÓN DE GARANTÍAS | E65: Queda expresamente acordado y aceptado que la cobertura otorgada bajo la presente póliza no queda sujeta al cumplimiento de ningún tipo de garantía por parte de la entidad asegurada.
... B69: SELECCIÓN DE PROFESIONALES PARA LA DEFENSA | E69: La aseguradora debe contemplar que la selección de los profesionales encargados de la defensa corresponderá a la Entidad asegurada, o los funcionarios que ésta designe, quienes para su aprobación presentarán a la compañía la propuesta correspondiente, teniendo en cuenta que en todos los casos los profesionales del derecho deberán acreditar la debida idoneidad para asumir los procesos en los cuales se les postule para actuar como defensores. Toda propuesta en que los profesionales no acrediten la idoneidad será rechazada. La aseguradora, previo común acuerdo con la Entidad asegurada, podrá asumir la defensa de cualquier litigio o procedimiento legal a nombre del asegurado, a través de abogados elegidos por éste, para lo cual se deberá cumplir con el siguiente procedimiento:
E70: A. ETAPA PREJUDICIAL:
E71: El procedimiento prejudicial para el trámite de las reclamaciones presentado por la Entidad asegurada, ante la compañía Aseguradora, con el fin de evitar dilaciones en el proceso y suspensiones injustificadas de audiencias de conciliación, se desarrollara de la siguiente manera:
E72: a) Una vez ocurrido el siniestro, dentro de los 10 días calendarios siguientes al momento en que tuvo conocimiento de su ocurrencia, la Entidad asegurada, enviara el documento de convocatoria a la Aseguradora, haciéndolo llegar al correo electrónico del funcionario delegado para tal fin, quien para todos los efectos será el designado como el punto de contacto único y permanente entre la Entidad asegurada, y la compañía.
E73: Adicional al documento de convocatoria, la comunicación antes referida debe contener un pronunciamiento claro y debidamente fundamentado, por parte de la Entidad asegurada, frente a los hechos ocurridos. Este requisito será cumplido mediante el concepto previo de la oficina jurídica de la la Entidad asegurada, puesto que en este ya se ha evaluado a priori la responsabilidad, sin que sea viable la exigencia por parte de la aseguradora de alguna decisión del comité de la la Entidad asegurada.
E74: La Entidad asegurada, contara con ocho (8) días calendario para realizar la comunicación acá señalada, contados desde la fecha en que la Entidad haya tenido conocimiento de los hechos.
E75: b) Una vez recibida la información, la compañía Aseguradora estudiara el caso en el Comité de Defensa o de siniestros, según corresponda, a más tardar dentro de los siete (7) días calendario siguientes al recibo del documento de convocatoria, y, de ser pertinente, se aprobara el valor de una propuesta inicial, que debe constar por escrito y de la cual se dará traslado a la Entidad asegurada, en un término máximo de tres (3) días calendario contados desde la fecha que el Comité sesiono.
E76: La decisión tomada por el Comité debe estar debidamente motivada, especificando la justificación de la cifra propuesta y teniendo como base los parámetros establecidos por la jurisprudencia aplicable al caso, así como el proceso de análisis y valoración que llevo a la misma.
E77: c) En caso que la Entidad asegurada esté en desacuerdo con la decisión inicial del Comité de Defensa de la Aseguradora, podrá, dentro de los cinco (5) días calendario siguientes a la comunicación de la misma, manifestar tal inconformidad, mediante el mismo punto de contacto único, y solicitar la reconsideración del caso, argumentando de manera seria las razones por las cuales considera que no hubo una valoración adecuada.
E78: d) La solicitud de reconsideración será resuelta por parte de la compañía Aseguradora dentro de los siete (7) días calendarios siguientes a la fecha de su radicación. La decisión debe contener una propuesta final, la cual debe constar por escrito y estar debidamente motivada, ya sea argumentando de manera razonada la no modificación de la cifra o explicando la motivación y el proceso de análisis y valoración que llevo a la fijación de un nuevo valor.
E79: NOTA: Será la Entidad asegurada, la encargada de convocar a la Compañía Aseguradora a la audiencia de conciliación prejudicial, por lo que no será necesario, en ningún caso, que la Procuraduría u otro órgano respectivo adelante este trámite.
E80: B. ETAPA JUDICIAL:
E81: a) Se adelantará las etapas del proceso judicial con celeridad y evitando cualquier tipo de dilaciones.
... E83: c) La Aseguradora entiende y se compromete a interactuar con la Entidad asegurada, dentro del proceso judicial, como su garante, realizando una labor de apoyo encaminada a obtener una sentencia favorable.
B84: COMPROMISO PARA EL PAGO DE LAS INDEMNIZACIONES Plazo de diez (10) días hábiles. | E84: Mediante esta condición la aseguradora se compromete al pago de la indemnización dentro del plazo establecido, una vez el asegurado demuestre ocurrencia y cuantía.
B85: RESTABLECIMIENTO AUTOMÁTICO DEL LÍMITE ASEGURADO POR PAGO DE SINIESTRO, HASTA UNA (1) VEZ EL LÍMITE CONTRATADO CON COBRO DE PRIMA A PRORRATA | E85: Mediante la presente cláusula la aseguradora acepta expresamente, que en el caso de presentarse una pérdida amparada por la presente póliza, la cuantía de tal pérdida se considerará inmediatamente restablecida desde el momento de ocurrencia del siniestro. El restablecimiento ofrecido por esta condición dará derecho a la aseguradora al cobro de la prima, a prorrata, correspondiente al monto restablecido, desde la fecha de la pérdida hasta el vencimiento de la póliza, expedición de cuyo certificado de seguro realizará una vez efectuado el pago de la indemnización.
B86: NO CONCURRENCIA DE AMPAROS, CLÁUSULAS O CONDICIONES | E86: Queda entendido, convenido y aceptado, que si dos o más amparos, cláusulas o condiciones otorgan cobertura a un mismo evento, se indemnizará con base en aquella que ofrezca mayor protección para los intereses del asegurado. De igual manera prevalecerán los amparos, cláusulas o condiciones que otorguen coberturas sobre aquellos que las excluyan. En todo caso y ante cualquier discrepancia sobre cuál es el amparo, cláusula o condición aplicable a un caso determinado, se aplicara aquella o aquellas que en conjunto determine el asegurado de acuerdo a su conveniencia.
B87: CLÁUSULA DE JURISDICCION Y SOLUCION DE CONTROVERSIAS | E87: Toda y cualquier diferencia que surja entre las partes por la interpretación del presente contrato, su ejecución, cumplimiento, terminación o las consecuencias futuras del mismo, será dirimida bajo la jurisdicción y legislación de la República de Colombia. Las diferencias y controversias que surjan se solucionarán con sujeción a las siguientes instancias que se agotarán de forma sucesiva o a elección de las partes, así:
E88: a). Arreglo Directo: Las partes tratarán de resolver sus diferencias de forma directa y entre ellas mismas dentro del plazo de quince (15) días contados a partir de la notificación escrita en que cualquiera de ellas informe a la otra de un conflicto o controversia originado en el contrato. b). Conciliación: Agotado el plazo anterior sin que las partes lograsen un acuerdo por si mismas, acudirán a la asistencia de un conciliador legalmente autorizado que se designará y actuará según los parámetros establecidos por la Ley 446 de 1998 y el decreto 1818 del mismo año, la etapa de conciliación durará un mes (1) desde el momento en que las partes o cualquiera de ellas radique la solicitud de conciliación respectiva, en caso de lograrse la conciliación la misma producirá efectos de cosa juzgada entre las partes, en caso contrario agotará el requisito de procedibilidad para acudir a la jurisdicción ordinaria o arbitral según corresponda, de acuerdo con los literales c) y d) de la presente cláusula.
E89: c). Jurisdicción Ordinaria: Agotadas las instancias anteriores, si la cuantía de las pretensiones derivadas de la diferencia que surja entre las partes por la interpretación del presente contrato, su ejecución, cumplimiento, terminación o las consecuencias futuras del mismo, no excediere de 220 SMMLV las partes sujetarán su controversia a la decisión del juez de instancia que corresponda según la cuantía y competencia en arreglo a lo previsto por el código de procedimiento Civil. d). Jurisdicción Arbitral: Agotadas las instancias anteriores, si la cuantía de las pretensiones derivadas de la diferencia que surja entre las partes por la interpretación del presente contrato, su ejecución, cumplimiento, terminación o las consecuencias futuras del mismo, se llevará el conflicto a la decisión de un Tribunal de Arbitramento Institucional cuyo domicilio será la ciudad de Bogotá D.C., el Tribunal estará integrado por un (1) árbitro que será designado conjuntamente por las partes dentro de los quince (15) días hábiles siguientes al envío de la comunicación por correo certificado que una de ellas le haga llegar a la otra solicitando la conformación del Tribunal; en caso de desacuerdo o falta de respuesta de la parte requerida, la otra parte podrá solicitar la designación y conformación del Tribunal al centro de Arbitraje y Conciliación de la Cámara de Comercio de la ciudad de Bogotá D.C.. El Tribunal así conformado funcionará en la ciudad de Bogotá D.C. y el laudo deberá proferirse en derecho, sujetándose en un todo al Decreto 2279 de 1.989, la ley 23 de 1.991, a la Ley 446 de 1.998, sus decretos reglamentarios y demás normas que regulan esta figura judicial. Esta última sujeta a lo dispuesto en Directiva Presidencial 04 del 18 de mayo de 2018.
B90: LIQUIDACIÓN A PRORRATA EN CASO DE CANCELACIÓN DE LA PÓLIZA POR PARTE DEL ASEGURADO | E90: Bajo esta cláusula la aseguradora debe aceptar que en caso de cancelación de la póliza por parte del asegurado, la devolución de las primas respectivas se realizará a prorrata.
B91: CONDICIONES DE RENOVACIÓN Y/O PRORROGA DE LA PÓLIZA | E91: En caso de que el asegurado decida renovar y/o prorrogar la póliza, la aseguradora se obliga a mantener los términos contratados con las mismas tasas y condiciones de la póliza inicial, siempre y cuando la siniestralidad de la póliza no sea mayor al 50%, en el caso que la siniestralidad supere el 50% la aseguradora acordará con el asegurado las condiciones en que se otorgará las condiciones de renovación. La aseguradora se obliga a entregar en cualquiera de las situaciones de resultado de siniestralidad, las condiciones con una antelación de noventa (90) días antes del vencimiento de la póliza.
B92: CLÁUSULA DE CONDICIONES PARTICULARES | E92: Queda expresamente acordado y convenido, que la aseguradora acepta las condiciones obligatorias (mínimas técnicas) establecidas en este anexo, en los términos señalados en el mismo, por lo tanto, en caso de existir discrepancia ente los ofrecimientos contenidos en la propuesta técnica básica, frente a los textos de los ejemplares de las pólizas, a las condiciones generales, certificados, anexos o cualquier otro documento; prevalecerá la información y condiciones básicas técnicas establecidas de este anexo, de igual forma en caso de encontrarse contradicción en alguna condición prevalecerá la de mayor beneficio para el asegurado.
B93: DETERMINACIÓN DE CONDICIONES Y REQUISITOS PARA EL PAGO DE INDEMNIZACIONES | E93: La aseguradora manifiesta expresamente que acepta los requisitos y documentos contenidos en el ANEXO No. 5 REQUISITOS PARA EL PAGO DE LAS INDEMNIZACIONES, como únicos para la atención y pago de reclamaciones por siniestros. A futuro no podrá exigir documentos o trámites adicionales.
B94: 3.7. | C94: EXCLUSIÓN DE ENFERMEDADES TRANSMISIBLES O CONTAGIOSAS
B95: Este seguro no cubre cualquier reclamo de ninguna manera causado por o como resultado de: a) Enfermedad por coronavirus (COVID-19) b) Coronavirus 2 del síndrome respiratorio agudo severo (SARS-CoV-2) c) Cualquier mutación o variación de SARS-CoV-2; d) Cualquier otra enfermedad transmisible, epidemia o pandemia e) Cualquier temor o amenaza de a), b), c) ó d) anteriores f) La interrupción de negocios y/o pérdidas financieras sufridas por la Entidad al no poder desarrollar la actividad para la cual fue creada como consecuencia de a), b), c), d) y e) anteriores.
B96: “OFAC: El Asegurador no será responsable de proporcionar cobertura o hacer algún pago si el realizarlo pudiera ser considerado como una violación de alguna de las leyes o regulaciones de Sanciones Económicas, que expondría al Asegurador, su casa matriz o su entidad controladora a una sanción estipulada bajo estas leyes o regulaciones
B97: 3.8. | C97: COBERTURAS, AMPAROS Y BIENES SIN APLICACIÓN DE DEDUCIBLES EN FORMA OBLIGATORIA
B98: La Entidad, requiere oferta de cobertura SIN APLICACIÓN DE DEDUCIBLE, para los bienes y/o amparos y/o eventos, señalados a continuación y por lo tanto el proponente con la firma del FORMATO No. 2 - CARTA DE ACEPTACIÓN DE LAS CONDICIONES OBLIGATORIAS (MÍNIMAS TÉCNICAS), admite estas condiciones.
B99: • Gastos Médicos sin aplicación de deducibe.
B100: 3.9. | C100: DEDUCIBLES MÁXIMOS ACEPTABLES (RELACIONAR LOS DEDUCIBLES ACTUALES Y ANALIZAR SI A LA ENTIDAD LE AUMENTARON DEDUCIBLES POR TEMAS EXTRAORDINARIOS)
B101: 1. PARQUEADEROS: Sin aplicacion de deducibles | H101: APLICA SI TIENE DEDUCIBLES
B102: 2- Demas eventos y/o amparos: Sin deducible
B103: NOTA: El ofrecimiento de deducibles superiores a los enunciados, constituyen causal de rechazo de la oferta.
B104: 3.10. | C104: COMISIÓN.
B105: En virtud de lo expuesto en el artículo 1341 del Código de Comercio el Intermediario tendrá derecho a la comisión, la cual será pagada por la Compañía de Seguros. | H105: SE DEBE RELACIONAR LA COMISIÓN ACTUAL, SI ESTA ES MENOR A LA DEL MERCADO. FAVOR CONSULTAR CON LAS SUBGERENCIAS O GERENCIA.

Sheet RELACION DE BIENES ASEGURADOS
C2: INSTITUTO DISTRITAL DE DEPORTE Y RECREACIÓN DE CARTAGENA - IDER
C3: PROCESO DE CONTRATACIÓN PROGRAMA DE SEGUROS
C7: ESCENARIOS DEPORTIVOS | D7: EDIFICIOS | E7: CONTENIDOS | G7: EQUIPO ELECTRICO Y ELECTRÓNICO | H7: MAQUINARIA Y EQUIPO | I7: TOTALES
B9: 1 | C9: COMPLEJO ACUÁTICO | D9: 1402859000 | E9: 757239380 | G9: 401268454 | H9: 2359181433 | I9: =SUM(E9:H9) -> 3517689267
B10: 2 | C10: COMPLEJO RAQUETAS | E10: 83287453 | G10: 60721011 | H10: 407098283 | I10: =SUM(E10:H10) -> 551106747
B11: 3 | C11: ESTADIO JAIME MORÓN | D11: 64772969448 | E11: 432392245 | G11: 2399077063 | H11: 1200529828 | I11: =SUM(E11:H11) -> 4031999136
B12: 4 | C12: SEDE CHICO DE HIERRO | E12: 217262347 | G12: 646836292 | H12: 41562990 | I12: =SUM(E12:H12) -> 905661629
B13: 5 | C13: COLISEO DE COMBATE | D13: 49044400000 | E13: 197973345 | G13: 12154192 | H13: 458226051 | I13: =SUM(E13:H13) -> 668353588
B14: 6 | C14: COLISEO NORTHON MADRID | E14: 7429722 | G14: 50292108 | H14: 372401820 | I14: =SUM(E14:H14) -> 430123650
B15: 7 | C15: ESTADIO BEISBOL 11 DE NOVIEMBRE | D15: 48034964485 | E15: 72704771 | G15: 161285888 | H15: 936896816 | I15: =SUM(E15:H15) -> 1170887475
B16: 8 | C16: ESTADIO DE CHIQUINQUIRÁ | E16: 10852223 | G16: 129011498 | H16: 394193166 | I16: =SUM(E16:H16) -> 534056887
B17: 9 | C17: PISTA ATLÉTICA | E17: 2046030 | G17: 36395748 | H17: 660474707 | I17: =SUM(E17:H17) -> 698916485
B18: 10 | C18: PATINODROMO | E18: 2391375 | G18: 5768988 | H18: 4409895 | I18: =SUM(E18:H18) -> 12570258
C19: TOTALES | D19: =SUM(D9:D18) -> 163255192933 | E19: =SUM(E9:E18) -> 1783578891 | G19: =SUM(G9:G18) -> 3902811242 | H19: =SUM(H9:H18) -> 6834974989 | I19: =SUM(I9:I18) -> 12521365122
